 Dungeon Crawl Stone Soup version 0.10-a0-2646-g843efcf character file.

17319607 jeanjacques the Force of Nature (level 27, 220/220 HPs)
             Began as a Hill Orc Healer on Dec 7, 2011.
             Was the Champion of Fedhas.
             Escaped with the Orb
             ... and 15 runes on Dec 11, 2011!
             The game lasted 11:14:27 (87678 turns).

jeanjacques the Force of Nature (Hill Orc Healer)  Turns: 87678, Time: 11:14:27

HP 220/220       AC 50     Str 22      XL: 27
MP  45/45        EV 11     Int 26      God: Fedhas [******]
Gold 5750        SH  0     Dex  5      Spells: 16 memorised,  0 levels left

Res.Fire  : + + .   See Invis. : +   a - +6,+9 battleaxe (freeze)
Res.Cold  : + + +   Warding    : . . F - +10 plate armour {rC+}
Life Prot.: . . .   Conserve   : +   (no shield)
Res.Acid. : + . .   Res.Corr.  : +   D - +2 helmet of Instinct {Str+3 Int+4}
Res.Poison: +       Clarity    : .   e - +2 cloak {rCorr, Cons}
Res.Elec. : .       Spirit.Shd : .   i - +2 pair of gloves of Weightlessness {rPois
Sust.Abil.: . .     Stasis     : +   L - +4 pair of boots of Zahi Dicyf {Dex-2}
Res.Mut.  : .       Ctrl.Telep.: x   s - amulet of stasis
Res.Rott. : .       Levitation : .   j - +0,+6 ring of slaying
Saprovore : + . .   Ctrl.Flight: .   M - ring of Aceal {rF+ rC++ EV+3 Dam+5}

@: slightly contaminated, glowing, quick, extremely resistant to hostile
enchantments, extremely unstealthy
A: deterioration 2, fast metabolism 1, saprovore 1, screaming 1, slow healing 1,
spit poison 1, teleportitis 1, Str -1, Dex -1
a: Spit Poison, Evolution, Sunlight, Growth, Reproduction, Rain, Renounce
Religion
}: 15/15 runes: decaying, serpentine, slimy, silver, golden, iron, obsidian,
icy, bone, abyssal, demonic, glowing, magical, fiery, dark


You escaped.
You worshipped Fedhas.
Fedhas was exalted by your worship.
You were not hungry.

You visited 18 branches of the dungeon, and saw 112 of its levels.
You visited Pandemonium 3 times, and saw 32 of its levels.
You visited the Abyss 3 times.
You visited 1 Labyrinth.
You visited 1 Ziggurat, and saw 11 of its levels.
You visited 4 portal chambers: ossuary, wizlab, trove, bailey.

You collected 12255 gold pieces.
You spent 3505 gold pieces at shops.
You used 3100 gold pieces for miscellaneous purposes.


Innate Abilities, Weirdness & Mutations

You can tolerate rotten meat.
You are clumsy (Dex -1).
Your body is deteriorating.
You have a fast metabolism.
You occasionally shout uncontrollably.
You heal slowly.
You can spit poison.
Space occasionally distorts in your vicinity.
You are weak (Str -1).


   Skills:
 - Level 21.8 Fighting
 - Level 20.2 Axes
 - Level 1.0 Throwing
 * Level 25.2 Armour
 - Level 1.5 Dodging
 - Level 10.0 Traps & Doors
 - Level 15.5 Spellcasting
 - Level 20.6 Charms
 - Level 6.2 Summonings
 + Level 25.2 Necromancy
 - Level 4.0 Translocations
 - Level 1.8 Transmutations
 - Level 2.8 Air Magic
 - Level 1.6 Earth Magic
 O Level 27 Invocations
 - Level 4.0 Evocations


You couldn't memorise any spells.
You knew the following spells:

 Your Spells              Type           Power        Success   Level  Hunger
a - Dispel Undead         Necr           #########    Excellent   5    None
b - Blink                 Tloc           N/A          Excellent   2    None
c - Summon Butterflies    Summ           #######..    Excellent   1    None
d - Shroud of Golubria    Chrm/Tloc      #######...   Excellent   2    None
e - Insulation            Air/Chrm       #######...   Excellent   4    None
f - Flight                Air/Chrm       #######...   Excellent   3    None
g - Dig                   Erth/Trmt      #####....    Poor        4    None
m - Repel Missiles        Air/Chrm       #######...   Excellent   2    None
r - Regeneration          Chrm/Necr      ########..   Perfect     3    None
s - Swiftness             Air/Chrm       #######...   Excellent   2    None
z - Apportation           Tloc           ######....   Excellent   1    None
A - Abjuration            Summ           #######...   Excellent   3    None
B - Borgnjor's Revivific  Necr           #########.   Excellent   7    Honeycomb
C - Control Teleport      Chrm/Tloc      #######...   Excellent   4    None
D - Death's Door Chrm/Necr ########..     Very         Good        8    Ration
H - Haste                 Chrm           ########.    Excellent   6    Honeycomb

Inventory:

Hand weapons
 a - a +6,+9 battleaxe of freezing (weapon)
 b - a +5,+9 dwarven battleaxe of electrocution
 d - a +0,+1 war axe of distortion {!w}
 k - a +4,+7 vampiric battleaxe {!w}
Armour
 e - a +2 cloak of preservation (worn)
 i - the +2 pair of gloves of Weightlessness (worn) {rPois rF+ MR SInv}
   (You found it on level 7 of the Vaults)

   It protects you from fire.
   It protects you from poison.
   It increases your resistance to enchantments.
   It enhances your eyesight.
 D - the +2 helmet of Instinct (worn) {Str+3 Int+4}
   (You bought it in a shop on level 5 of the Snake Pit)

   It affects your strength (+3).
   It affects your intelligence (+4).
 F - a +10 plate armour of cold resistance (worn)
 L - the +4 pair of boots of Zahi Dicyf (worn) {Dex-2}
   (You found it on level 8 of the Lair of Beasts)

   It affects your dexterity (-2).
Magical devices
 m - a wand of hasting (3)
 p - a wand of digging (8)
 B - a wand of disintegration (0)
 E - a wand of teleportation (7)
 H - a wand of heal wounds (6)
 X - a wand of teleportation (5)
Comestibles
 f - 2 apples {!e}
 o - 6 meat rations
 I - 22 oranges {!e}
 N - a pear {!e}
Scrolls
 n - 3 scrolls of identify
 u - a scroll of blinking
 v - 6 scrolls of remove curse
 G - 3 scrolls of fog
 Q - 2 scrolls of recharging
Jewellery
 c - the amulet of the Four Winds {Clar rN+ MR}
   (You found it on level 3 of the Crypt)

   [amulet of clarity]

   It protects you from negative energy.
   It increases your resistance to enchantments.
 h - the ring "Chigeeme" {Hunger- MR Dex+3}
   (You found it on level 26 of the Dungeon)

   [ring of sustenance]

   It affects your dexterity (+3).
   It increases your resistance to enchantments.
 j - a +0,+6 ring of slaying (right hand)
 l - an uncursed ring of sustain abilities
 r - an uncursed amulet of resist mutation
 s - an amulet of stasis (around neck)
 t - the ring of Descent {*TELE +Tele Dex+2 Stlth++}
   (You found it in a Labyrinth)

   [ring of teleportation]

   It affects your dexterity (+2).
   It makes you much more stealthy.
 C - an uncursed ring of teleport control
 M - the ring of Aceal (left hand) {rF+ rC++ EV+3 Dam+5}
   (You found it on level 3 of the Snake Pit)

   [ring of evasion]

   It affects your evasion (+3).
   It affects your damage-dealing abilities (+5).
   It protects you from fire.
   It greatly protects you from cold.
 T - an uncursed ring of wizardry
 Z - the ring "Uhurph" {rF+ rC+ Int+3 Stlth++}
   (You found it on level 5 of the Elven Halls)

   [ring of protection from fire]

   It affects your intelligence (+3).
   It protects you from cold.
   It makes you much more stealthy.
Potions
 g - 4 potions of agility
 w - 2 potions of might
 z - 3 potions of brilliance
 A - 11 potions of curing
 J - a potion of restore abilities
 O - 3 potions of resistance
 Y - 5 potions of magic
Magical staves
 V - a staff of channeling {!a}
 W - a staff of wizardry {!a}
Orbs of Power
 x - the Orb of Zot
Miscellaneous
 q - a legendary deck of dungeons {Dowsing, drawn: 2}
 U - a legendary deck of changes {the Shadow}

Dungeon Overview and Level Annotations

Branches:
Dungeon (27/27)            Temple (1/1) D:5             Orc (4/4) D:10
    Elf (5/5) Orc:4          Lair (8/8) D:12          Swamp (5/5) Lair:5
  Slime (6/6) Lair:7        Snake (5/5) Lair:3        Vault (8/8) D:15
  Blade (1/1) Vault:5       Crypt (5/5) Vault:3        Tomb (3/3) Crypt:2
   Hell (1/1)                 Dis (7/7) Hell            Geh (7/7) Hell
    Coc (7/7) Hell            Tar (7/7) Hell            Zot (5/5) D:27

Altars:
Ashenzari
Cheibriados
Elyvilon
Fedhas
Kikubaaqudgha
Makhleb
Nemelex Xobeh
Okawaru
Sif Muna
The Shining One
Trog
Xom
Zin
Jiyva

Shops:
D:10: [ D:12: ( D:16: + D:20: !=[+ Orc:2: + Orc:4: *=(*[ Elf:1: ( Snake:5: [ Vault:3: * Vault:5: [ Vault:8: *

Portals:
Hell: D:21 D:23 D:24 D:25 D:26
Abyss: D:23 D:25 D:27
Pan: D:21 D:24 D:25 D:26
Ziggurat: D:25 (3900 gp)

Annotations
Lair:2 exclusion: upstairs
Snake:3 Norris
Dis:7 Dispater
Geh:7 Asmodeus
Coc:7 Antaeus

·····························l^··
·····▒▒▒▒▒▒▒▒▒▒▒▒▒▒▒▒▒▒·▒▒▒▒▒▒▒▒▒
▒▒▒▒·▒ ▒·▒ ▒·▒ ▒·▒ ▒·▒ ▒·▒ ▒·▒
▒▒▒ ▒·▒ ▒▒▒▒·▒ ▒·▒ ▒·▒ ·····▒
▒▒▒▒▒·▒▒▒▒▒▒▒▒▒·▒
·····▒▒▒▒·······oK······▒
··········▒▒▒▒▒▒▒▒▒▒◼▒▒·▒
▒▒▒▒▒▒▒▒▒·▒ ▒·▒ ▒·▒ ▒^▒ ▒·▒ ▒r▒
▒·· ▒·▒ ▒▒▒ ▒▒▒▒▒▒▒▒·▒
········▒·▒▒▒▒▒▒▒
···········>······


You could see a kobold.


Message History

Put on which piece of jewellery? (? for menu, Esc to quit)
You remove your amulet of resist mutation.
s - an amulet of stasis (around neck) Evoke which item? (* to show all) (? for menu, Esc to quit)
Zapping:
p - a wand of digging (10)
The rock liquefies and sinks out of sight.
This wand has 9 charges left.
Evoke which item? (* to show all) (? for menu, Esc to quit)
Zapping:
p - a wand of digging (9)
The rock liquefies and sinks out of sight.
This wand has 8 charges left.
A rat comes into view.
The rat moves out of view.
The rat bites you but does no damage. The rat bites you but does no damage.
A kobold comes into view. It is wielding a whip.
The kobold shouts!
Found a stone staircase leading down.
The kobold hits you but does no damage. A dart shoots out and hits you!
There is a dart trap here.
You see here a dart.
A dart hits the kobold, but does no damage!
You found a secret door!
You start to feel a little slower.
There is a staircase leading out of the dungeon here.
Drink which item? (? for menu, Esc to quit)
You feel your strength returning.
You feel your dexterity returning. Are you sure you want to win?
You have escaped!

Table legend:
 A = Turns spent in this place as a percentage of turns spent in the entire game.
 B = Non-inter-level travel turns spent in this place as a percentage of non-inter-level travel turns spent in the entire game.
 C = Inter-level travel turns spent in this place as a percentage of turns spent in this place.
 D = Turns resting spent in this place as a percentage of non-inter-level travel turns spent in this place.
 E = Turns spent auto-exploring this place as a percentage of non-inter-level travel turns spent in this place.
 F = Non-inter-level travel turns spent in this place divided by the number of levels of this place that you've seen.
                   A       B       C       D       E      F
               +-------+-------+-------+-------+-------+----------------------
         Total | 100.0 | 100.0 |   0.3 |   0.1 |   0.0 | 516.9
       Dungeon |  24.5 |  24.4 |   0.6 |   0.0 |   0.0 | 762.2
        Temple |   0.0 |   0.0 |   0.0 |   0.0 |   0.0 |  34.0
  Orcish Mines |   2.7 |   2.7 |   0.5 |   0.0 |   0.0 | 566.2
   Elven Halls |   3.7 |   3.7 |   0.1 |   0.0 |   0.0 | 631.0
          Lair |   6.8 |   6.8 |   0.6 |   0.0 |   0.0 | 716.1
         Swamp |   1.7 |   1.7 |   0.2 |   0.0 |   0.0 | 281.4
    Slime Pits |   1.8 |   1.8 |   0.5 |   0.0 |   0.0 | 254.2
     Snake Pit |   5.8 |   5.8 |   0.1 |   0.0 |   0.0 | 983.2
Vaults | 10.1 | 10.2 | 0.2 | 0.0 | 0.0 | 1069.4 Hall of Blades | 0.0 | 0.0 | 0.0 | 0.0 | 0.0 | 21.0
         Crypt |   4.3 |   4.3 |   0.2 |   0.0 |   0.0 | 727.4
          Tomb |   4.5 |   4.5 |   0.0 |   0.3 |   0.0 | 1269.7
          Hell |   2.1 |   2.1 |   0.0 |   0.1 |   0.0 | 1749.0
           Dis |   2.3 |   2.3 |   0.0 |   0.0 |   0.0 | 273.9
       Gehenna |   2.2 |   2.2 |   0.0 |   0.0 |   0.1 | 260.7
       Cocytus |   2.3 |   2.3 |   0.0 |   0.0 |   0.0 | 275.9
      Tartarus |   3.1 |   3.1 |   0.0 |   0.0 |   0.0 | 375.7
           Zot |   5.2 |   5.2 |   0.2 |   0.0 |   0.0 | 881.4
     Labyrinth |   0.3 |   0.3 |   0.0 |   0.0 |   0.0 | 272.0
         Abyss |   3.9 |   3.9 |   0.0 |   0.0 |   0.0 | 1108.7
   Pandemonium |   9.6 |   9.6 |   0.0 |   0.4 |   0.0 | 253.7
Portal Chamber |   2.9 |   2.9 |   0.0 |   0.1 |   0.0 | 163.3
               +-------+-------+-------+-------+-------+----------------------

Table legend:
 A = Kills in this place as a percentage of kills in entire the game.
 B = Kills by you in this place as a percentage of kills by you in the entire game.
 C = Kills by friends in this place as a percentage of kills by friends in the entire game.
 D = Other kills in this place as a percentage of other kills in the entire game.
 E = Experience gained in this place as a percentage of experience gained in the entire game.
 F = Experience gained in this place divided by the number of levels of this place that you have seen.
                   A       B       C       D       E      F
               +-------+-------+-------+-------+-------+----------------------
         Total | 100.0 | 100.0 | 100.0 | 100.0 | 100.0 | 13866.7
       Dungeon |  16.0 |  17.1 |   0.0 |  19.0 |  15.0 | 12554.6
  Orcish Mines |   3.5 |   3.7 |   0.0 |   4.8 |   0.2 | 1162.5
   Elven Halls |   3.5 |   3.5 |   3.3 |   9.5 |   2.6 | 11894.0
          Lair |   4.1 |   4.4 |   0.0 |   4.8 |   1.4 | 3906.4
         Swamp |   2.5 |   2.4 |   3.3 |   0.0 |   0.8 | 3635.4
    Slime Pits |   3.2 |   3.3 |   0.0 |  23.8 |   4.0 | 14960.3
     Snake Pit |   6.0 |   5.6 |  12.0 |   0.0 |   3.7 | 16519.6
Vaults | 12.7 | 12.0 | 23.7 | 4.8 | 12.8 | 36024.6 Hall of Blades | 0.0 | 0.0 | 0.0 | 0.0 | 0.1 | 1236.0
         Crypt |   6.1 |   6.6 |   0.0 |   0.0 |   6.1 | 27522.0
          Tomb |   4.0 |   2.7 |  22.0 |   0.0 |   5.4 | 40880.3
          Hell |   1.6 |   1.8 |   0.0 |   0.0 |   1.7 | 37916.0
           Dis |   3.8 |   3.2 |  12.0 |   4.8 |   2.6 | 8341.1
       Gehenna |   3.5 |   3.7 |   0.0 |   9.5 |   4.8 | 15399.9
       Cocytus |   3.0 |   3.2 |   0.0 |   4.8 |   3.2 | 10178.7
      Tartarus |   3.9 |   3.8 |   5.8 |   4.8 |   3.8 | 12364.3
           Zot |   3.6 |   3.8 |   0.8 |   0.0 |  15.2 | 68571.4
         Abyss |   2.3 |   2.4 |   0.0 |   0.0 |   1.7 | 12862.3
   Pandemonium |  11.8 |  11.5 |  16.2 |   4.8 |  12.2 | 8619.5
Portal Chamber |   4.8 |   5.1 |   0.8 |   4.8 |   2.9 | 4436.1
               +-------+-------+-------+-------+-------+----------------------

Vault maps used:
D:1:      normal: dpeg_entry_thieves, xom_confusion_cloud
D:2:      normal: elyvilon_altar_2, minmay_rat_hole extra: first_bread
D:4:      normal: portal_sewer_entry_a
D:5:      normal: jiyva_altar_2, minmay_temple_entry_crystal_x
D:6:      normal: ashenzari_altar_1, enter_ossuary_1, uniq_menkaure, uniq_iyjb
          extra: cloud_trap_noxious
D:7:      normal: kb_rosetta
D:8:      normal: uniq_maurice, uniq_edmund extra: cloud_trap_poisonous,
          cloud_trap_noxious
D:9:      normal: overflow_temple_1_default, fedhas_altar_fruit_tree,
          uniq_duvessa extra: cloud_trap_noxious
D:10:     normal: glass_columns_a, glass_columns_a, glass_columns_a,
          glass_columns_b, glass_columns_a, orc_david_3 extra:
          cloud_trap_noxious, cloud_trap_petrify, cloud_trap_fire, serial_glass,
          cloud_trap_ice
D:11:     extra: cloud_trap_poisonous
D:12:     normal: dpeg_lair_monsters, uniq_sonja, uniq_psyche, uniq_joseph
          extra: serial_shops, shop, serial_corexii_hall,
          corexii_hall_statues_u, corexii_hall_statues_x,
          corexii_hall_statues_s, corexii_hall_statues_x, cloud_trap_ice,
          cloud_trap_fire
D:13:     normal: lemuel_hellish_altar
D:14:     normal: nrook_uturn, uniq_aizul, uniq_erica extra:
          hangedman_stone_soup, basic_altar, cloud_trap_fire,
          cloud_trap_petrify, cloud_trap_poisonous
D:15:     normal: vaults_0_dummy extra: cloud_trap_petrify, cloud_trap_poisonous
D:16:     extra: cloud_trap_petrify, serial_shops, shop_fountains
D:17:     normal: enter_trove_0 extra: cloud_trap_fire, minmay_strange_pillars
D:18:     normal: special_room, onia_ninara_cookie, uniq_saint_roka extra:
          cloud_trap_fire
D:19:     normal: laboratory_2 extra: cloud_trap_ice
D:20:     extra: serial_shops, shop, shop, shop, shop, cloud_trap_fire
D:21:     extra: pan_entry, hell_entry, serial_corexii_hall,
          corexii_hall_statues_s, corexii_hall_statues_deadend,
          corexii_hall_statues_x, corexii_hall_statues_x, cloud_trap_fire,
          cloud_trap_miasma, minmay_misc_feat_doors
D:22:     normal: spriggan_forest extra: serial_glass
D:23:     extra: hell_entry, cloud_trap_ice, cloud_trap_miasma, abyss_entry,
          cloud_trap_fire, minivault_10
D:24:     extra: cloud_trap_fire, hell_entry, pan_entry, cloud_trap_ice,
          cloud_trap_miasma
D:25:     normal: special_room, minmay_guarded_unrand_curses extra:
          cloud_trap_ice, enter_ziggurat_c, cloud_trap_fire, abyss_entry,
          pan_entry, basic_altar, hell_entry, minmay_misc_feat_five
D:26:     normal: Angbandy_vault extra: cloud_trap_miasma, cloud_trap_ice,
          hell_entry, pan_entry, cloud_trap_fire, minmay_trapped_gold
D:27:     normal: evilmike_cross, evilmike_zot_entry_round, uniq_frederick
          extra: hell_entry, cloud_trap_ice, serial_curves, eino_curves_03,
          eino_curves_03, cloud_trap_chaos, abyss_entry, cloud_trap_fire,
          cloud_trap_miasma
Temple:   normal: circular_temple_12
Orc:1:    normal: uniq_josephine, uniq_gastronok_1
Orc:2:    normal: uniq_erolcha extra: serial_shops, shop_coins,
          cloud_trap_noxious
Orc:3:    normal: minmay_orc_barracks
Orc:4:    normal: st_orc_congregation extra: cloud_trap_poisonous, serial_shops,
          shop_statue
Elf:1:    normal: elf_arrival_002 extra: cloud_trap_noxious,
          cloud_trap_poisonous, serial_shops, shop
Elf:2:    normal: uniq_urug, uniq_nessos extra: cloud_trap_noxious, spider_trap
Elf:3:    extra: cloud_trap_petrify, cloud_trap_poisonous
Elf:4:    normal: enter_wizlab_7 extra: cloud_trap_fire, cloud_trap_ice,
          cloud_trap_poisonous, cloud_trap_petrify, basic_altar
Elf:5:    normal: minmay_elf_hall, uniq_nikola extra: cloud_trap_noxious,
          spider_trap
Lair:1:   normal: lemuel_oklob_altar
Lair:2:   extra: cloud_trap_noxious
Lair:3:   normal: minmay_snake_entry_guardpost_small extra: cloud_trap_noxious,
          eino_small_chamber_without_monster
Lair:4:   extra: cloud_trap_noxious
Lair:5:   normal: minmay_swamp_entry_reptiles extra: lab_entry_generic,
          cloud_trap_noxious
Lair:6:   normal: dpeg oklob_1 extra: cloud_trap_petrify
Lair:7:   normal: slime_altar_1 extra: cloud_trap_poisonous, cloud_trap_petrify
Lair:8:   normal: kennels, minmay_lair_end_frog_pond
Swamp:1:  extra: swamp_pool1
Swamp:2:  extra: cloud_trap_poisonous
Swamp:3:  extra: cloud_trap_petrify
Swamp:4:  normal: uniq_donald extra: cloud_trap_noxious, cloud_trap_poisonous,
          cloud_trap_petrify
Swamp:5:  normal: swamp_fiery
Snake:1:  extra: cloud_trap_noxious, basic_altar
Snake:2:  extra: serial_curves, eino_curves_04, eino_curves_03, eino_curves_03,
          eino_curves_04, cloud_trap_poisonous
Snake:3:  normal: uniq_norris, uniq_frances, uniq_mara, uniq_rupert
Snake:5:  normal: snake_pit_salamanders_mu, minmay_snake_pond, uniq_wiglaf
          extra: cloud_trap_noxious, serial_shops, shop
Vault:1:  normal: uniq_kirke
Vault:2:  normal: archer_statue extra: minmay_ominous_box, spider_trap
Vault:3:  normal: minmay_crypt_entry_simple_plaza extra: serial_shops, shop
Vault:4:  normal: einodemon_rotting_minivault
Vault:5:  normal: evilmike_marble_ring extra: serial_shops, shop, hex_tiny
Vault:6:  normal: uniq_mennas
Crypt:1:  normal: roderic_lattice_octagonal_star, uniq_agnes, uniq_louise
Crypt:2:  normal: minicrypt_bobbens, tomb_entry_forgotten_bobbens, uniq_xtahua
Crypt:3:  normal: special_room extra: basic_altar, crypt_curse_skull
Crypt:5:  normal: due_elkab extra: crypt_curse_skull_rare, crypt_curse_skull
Dis:7:    normal: dis_mu
Geh:1:    normal: gehenna_fire_generator
Geh:2:    extra: cloud_trap_fire
Geh:3:    extra: cloud_trap_fire
Geh:4:    normal: minmay_fire_ice_demons
Geh:5:    extra: cloud_trap_fire
Geh:7:    normal: evilmike_geh
Coc:3:    extra: cloud_trap_ice
Coc:7:    normal: coc_dpeg
Tar:3:    normal: lemuel_nasty_fountain
Tar:4:    normal: lemuel_elevator
Tar:6:    extra: cloud_trap_miasma
Tar:7:    normal: tar_mu
Zot:1:    extra: cloud_trap_miasma, cloud_trap_ice
Zot:2:    extra: cloud_trap_miasma
Zot:3:    normal: lemuel_golem_globe extra: cloud_trap_chaos, cloud_trap_fire
Zot:5:    extra: cloud_trap_ice, cloud_trap_miasma, cloud_trap_fire
Portal    vault maps: ossuary_crypta, wizlab_cloud, trove_armour_2,
          bailey_polearm_1

Notes
Turn   | Place    | Note
--------------------------------------------------------------
     0 | D:1      | jeanjacques, the Hill Orc Healer, began the quest for the Orb.
     0 | D:1      | Reached XP level 1. HP: 17/17 MP: 2/2
   154 | D:1      | Reached skill level 5 in Invocations
   202 | D:1      | Found a shimmering altar of Xom.
   226 | D:3      | Reached XP level 2. HP: 12/24 MP: 2/4
   428 | D:2      | Reached skill level 1 in Throwing
   488 | D:2      | Reached skill level 1 in Axes
   488 | D:2      | Reached skill level 1 in Armour
   552 | D:2      | Found a white marble altar of Elyvilon.
   554 | D:2      | Reached XP level 3. HP: 29/29 MP: 6/6
   616 | D:2      | Reached skill level 6 in Invocations
   829 | D:2      | Reached skill level 2 in Axes
   887 | D:2      | Reached XP level 4. HP: 22/37 MP: 0/9
   923 | D:2      | Reached skill level 2 in Armour
  1087 | D:3      | Reached skill level 7 in Invocations
  1224 | D:4      | Acquired Elyvilon's third power
  1249 | D:4      | Reached skill level 3 in Axes
  1249 | D:4      | Reached XP level 5. HP: 20/42 MP: 4/12
  1647 | D:5      | Entered Level 5 of the Dungeon
  1671 | D:5      | Reached skill level 3 in Armour
  1699 | D:5      | Reached skill level 1 in Evocations
  1699 | D:5      | Reached XP level 6. HP: 44/49 MP: 14/14
  1723 | D:5      | Reached skill level 8 in Invocations
  1726 | D:5      | Found a staircase to the Ecumenical Temple.
  1756 | Temple   | Entered the Ecumenical Temple
  1840 | D:5      | Reached skill level 4 in Axes
  2160 | D:6      | Reached XP level 7. HP: 56/56 MP: 18/18
  2234 | D:7      | Reached skill level 9 in Invocations
  2235 | D:7      | Reached skill level 4 in Armour
  2314 | D:7      | Acquired Elyvilon's fourth power
  2361 | D:6      | Noticed Ijyb
  2395 | D:6      | Reached XP level 8. HP: 62/62 MP: 17/19
  2396 | D:6      | Found a shattered altar of Ashenzari.
  2429 | D:6      | Reached skill level 5 in Axes
  2505 | D:6      | Noticed Menkaure
  2507 | D:6      | Gained mutation: Your spells are a little harder to cast, but a little more powerful.
  2507 | D:6      | Gained mutation: You have a slow metabolism.
  2507 | D:6      | Gained mutation: You are clumsy (Dex -1).
  2584 | D:6      | Reached skill level 10 in Invocations
  2657 | D:6      | Found a sand-covered staircase. 2675
                  | ossuary
                  | Entered a tomb 2736
                  | ossuary
                  | Reached skill level 5 in Armour 2916
                  | ossuary
                  | Reached skill level 1 in Traps & Doors
  3054 | D:7      | Reached skill level 6 in Axes
  3278 | D:9      | Found a blossoming altar of Fedhas.
  3281 | D:9      | Reached XP level 9. HP: 68/68 MP: 22/22
  3326 | D:9      | Reached skill level 7 in Axes
  3326 | D:9      | Reached skill level 11 in Invocations
  3701 | D:8      | Lost mutation: You are clumsy (Dex -1).
  3701 | D:8      | Lost mutation: You have a slow metabolism.
  3701 | D:8      | Lost mutation: Your spells are a little harder to cast, but a little more powerful.
  3764 | D:8      | Noticed Maurice
  3774 | D:8      | Reached skill level 8 in Axes
  3774 | D:8      | Reached skill level 12 in Invocations
  3895 | D:8      | Noticed a two-headed ogre
  3940 | D:8      | Paralysed by a giant eyeball for 4 turns
  3946 | D:8      | Paralysed by a giant eyeball for 2 turns
  4038 | D:7      | Reached XP level 10. HP: 72/75 MP: 21/24
  4112 | D:7      | Reached skill level 9 in Axes
  4299 | D:7      | Noticed a soldier ant
  4501 | D:10     | Entered Level 10 of the Dungeon
  4644 | D:12     | Found Stelog's Weapon Shop.
  4703 | D:12     | Reached skill level 13 in Invocations
  4836 | D:12     | Noticed Psyche
  4872 | D:12     | Reached skill level 10 in Axes
  4936 | D:12     | Found a staircase to the Lair.
  5025 | D:13     | Acquired Elyvilon's fifth power
  5094 | D:12     | Noticed Joseph
  5151 | Lair:1   | Entered Level 1 of the Lair of Beasts
  5229 | Lair:1   | Found a blossoming altar of Fedhas.
  5336 | Lair:1   | Reached skill level 14 in Invocations
  5399 | Lair:2   | Reached skill level 11 in Axes
  5502 | Lair:3   | Reached skill level 3 in Fighting
  5503 | Lair:3   | Reached XP level 11. HP: 79/82 MP: 23/27
  5613 | Lair:4   | Was placed under penance by Elyvilon
  5618 | Lair:4   | Was forgiven by Elyvilon
  5681 | Lair:5   | Reached skill level 4 in Fighting
  5901 | Lair:5   | Found a labyrinth entrance.
  5909 | Lab      | Entered a Labyrinth
  6058 | Lab      | HP: 9/109 [minotaur/vampiric hand axe (27)]
  6079 | Lab      | Reached skill level 5 in Fighting
  6079 | Lab      | Reached skill level 15 in Invocations
  6105 | Lab      | Got a smoking ivory ring
  6106 | Lab      | Got a silk robe
  6218 | Lab      | Identified the +4 robe of Augmentation (You found it in a Labyrinth)
  6240 | Lab      | Identified the ring of Descent {Dex+2} (You found it in a Labyrinth)
  6268 | Lair:5   | Reached skill level 12 in Axes
  6297 | Lair:5   | Found a staircase to the Swamp.
  6353 | Lair:6   | Reached skill level 6 in Fighting
  6676 | Lair:7   | Found a viscous altar of Jiyva.
  6677 | Lair:7   | Found a staircase to the Slime Pits.
  6798 | Lair:8   | Entered Level 8 of the Lair of Beasts
  6926 | Lair:8   | Reached skill level 7 in Fighting
  6954 | Lair:8   | Reached skill level 6 in Armour
  6979 | Lair:8   | HP: 2/88 [electric eel/bolt of electricity (13)]
  7121 | Lair:8   | Reached skill level 16 in Invocations
  7290 | Lair:8   | Reached XP level 12. HP: 61/96 MP: 21/29
  7295 | Lair:8   | Reached skill level 8 in Fighting
  7295 | Lair:8   | Reached skill level 7 in Armour
  7309 | Lair:8   | Got a pair of crude boots
  7316 | Lair:8   | Identified the +4 pair of boots of Zahi Dicyf (You found it on level 8 of the Lair of Beasts)
  7403 | Lair:8   | Noticed hyperelynae's ghost (powerful DrWr)
  7440 | Lair:8   | Reached XP level 11. HP: 65/90 MP: 28/28
  7752 | Swamp:1  | Entered Level 1 of the Swamp
  7814 | Lair:4   | Reached XP level 12. HP: 67/97 MP: 25/29
  7990 | Lair:3   | Found a staircase to the Snake Pit.
  8024 | Lair:2   | Reached skill level 8 in Armour
  8025 | Lair:2   | Reached skill level 9 in Fighting
  8185 | Lair:3   | Got a crude robe
  8191 | Lair:3   | Got an ichor-stained ankus
  8589 | Lair:2   | Reached skill level 17 in Invocations
  8848 | Lair:1   | Identified the ankus of the Three Hells {drain, +Lev} (You found it on level 3 of the Lair of Beasts)
  8974 | D:11     | Reached skill level 9 in Armour
  8977 | D:11     | Reached skill level 13 in Axes
  9329 | D:12     | Noticed Sonja
  9981 | D:9      | Found a deep blue altar of Sif Muna.
 10156 | D:9      | Noticed Duvessa
 10156 | D:9      | Noticed Dowan
 10201 | D:8      | Noticed Edmund
 10503 | D:10     | Reached skill level 10 in Armour
 10624 | D:10     | Found a staircase to the Orcish Mines.
 10624 | D:10     | Found Pnemek's Armour Boutique.
 10675 | Orc:1    | Entered Level 1 of the Orcish Mines
 10795 | Orc:1    | Noticed Josephine
 10824 | Orc:1    | Noticed Gastronok
 10962 | Orc:2    | Found Lum Urph's Book Shop.
 11021 | Orc:4    | Entered Level 4 of the Orcish Mines
 11208 | Orc:4    | Found Nerir's Assorted Antiques.
 11273 | Orc:4    | Reached skill level 18 in Invocations
 11428 | Orc:4    | Reached skill level 14 in Axes
 11499 | Orc:4    | Noticed an orc high priest
 11501 | Orc:4    | Noticed an orc high priest
 11502 | Orc:4    | Reached XP level 13. HP: 105/105 MP: 24/31
 11517 | Orc:4    | Noticed an orc warlord
 11654 | Orc:4    | Noticed an orc high priest
 11655 | Orc:4    | Reached skill level 11 in Armour
 11676 | Orc:4    | Found Twoapp's Jewellery Boutique.
 11676 | Orc:4    | Found Kepry's General Store.
 11677 | Orc:4    | Found Alops' Antique Armour Shop.
 11677 | Orc:4    | Found Ogesch's Antique Weapon Shop.
 11677 | Orc:4    | Noticed an orc high priest
 11796 | Orc:4    | Bought 3 scrolls of enchant armour for 181 gold pieces
 11796 | Orc:4    | Bought a potion of slowing for 11 gold pieces
 11799 | Orc:4    | Bought an uncursed ring of poison resistance for 280 gold pieces
 11973 | Orc:2    | Noticed Erolcha
 12217 | Orc:1    | Defeated Gastronok
 12217 | Orc:1    | Reached skill level 15 in Axes
 12430 | Orc:2    | Bought a book of Air for 525 gold pieces
 12602 | Lair:1   | Learned a level 2 spell: Swiftness
 12607 | Lair:1   | Learned a level 2 spell: Repel Missiles
 12613 | Lair:1   | Learned a level 3 spell: Flight
 12718 | D:13     | Found a burning altar of Makhleb.
 12719 | D:13     | Noticed tewe's ghost (powerful MfDK)
 12800 | D:13     | Defeated tewe's ghost
 12815 | D:13     | Reached skill level 19 in Invocations
 12931 | D:14     | Noticed Erica
 13136 | D:14     | Reached skill level 1 in Charms
 13162 | D:13     | HP: 10/105 [skeletal warrior/glowing battleaxe (2)]
 13170 | D:13     | Reached skill level 12 in Armour
 13170 | D:13     | Reached skill level 1 in Spellcasting
 13170 | D:13     | Reached skill level 1 in Air Magic
 13430 | D:13     | Reached skill level 2 in Charms
 13698 | D:14     | Reached skill level 2 in Spellcasting
 13700 | D:14     | Noticed Aizul
 13740 | D:15     | Entered Level 15 of the Dungeon
 13859 | D:16     | HP: 10/105 [killer bee (2)]
 13861 | D:16     | Reached skill level 3 in Charms
 13960 | D:16     | Reached XP level 14. HP: 60/113 MP: 32/32
 13965 | D:16     | Found Elenibluru's Book Shop.
 13979 | D:16     | Got a colourful book
 14505 | D:15     | Found a staircase to the Vaults.
 14541 | D:15     | Reached skill level 3 in Spellcasting
 14598 | D:15     | Reached skill level 16 in Axes
 14601 | D:15     | Reached skill level 4 in Charms
 14910 | D:16     | Identified the Almanac of Darkness (You found it on level 16 of the Dungeon)
 14937 | D:16     | Learned a level 1 spell: Pain
 15145 | D:17     | Reached skill level 1 in Necromancy
 15301 | D:18     | Noticed Saint Roka
 15342 | D:18     | Defeated Saint Roka
 15342 | D:18     | Reached skill level 13 in Armour
 15342 | D:18     | Reached skill level 4 in Spellcasting
 15342 | D:18     | Reached skill level 5 in Charms
 15342 | D:18     | Reached skill level 3 in Necromancy
 15812 | D:19     | Gained mutation: You have a fast metabolism.
 15845 | D:19     | Reached skill level 4 in Necromancy
 16098 | D:20     | Entered Level 20 of the Dungeon
 16157 | D:20     | Found Irae's Antique Armour Shop.
 16165 | D:20     | Bought a pair of steaming gloves for 260 gold pieces
 16169 | D:20     | Identified the cursed +0 pair of gloves of Iqeix (You bought it in a shop on level 20 of the Dungeon)
 16169 | D:20     | Bought a pair of runed gloves for 50 gold pieces
 16239 | D:20     | Found Keigeic's Distillery.
 16246 | D:20     | Bought a potion of magic for 119 gold pieces
 16247 | D:20     | Bought a potion of strong poison for 34 gold pieces
 16417 | D:20     | Reached XP level 15. HP: 119/119 MP: 33/33
 16437 | D:20     | Found Nesic's Jewellery Shoppe.
 16443 | D:20     | Bought an uncursed ring of see invisible for 165 gold pieces
 16446 | D:20     | Bought an uncursed ring of protection from magic for 275 gold pieces
 16496 | D:20     | Reached skill level 6 in Charms
 16611 | D:20     | Found Wymaugas' Book Boutique.
 16664 | D:21     | Reached skill level 5 in Necromancy
 16812 | D:22     | Reached skill level 17 in Axes
 16812 | D:22     | Reached skill level 5 in Spellcasting
 16934 | D:22     | Reached skill level 14 in Armour
 17136 | D:22     | Reached skill level 6 in Necromancy
 17310 | D:22     | Reached skill level 7 in Charms
 17349 | D:22     | Noticed the Enchantress
 17354 | D:22     | Cast into the Abyss (the Enchantress)
 17354 | Abyss    | Entered The Abyss
 17466 | Abyss    | Reached skill level 2 in Air Magic
 17505 | Abyss    | Noticed a soul eater
 17522 | Abyss    | Defeated a soul eater
 17856 | D:22     | Reached skill level 15 in Armour
 17964 | D:21     | Reached skill level 8 in Charms
 17980 | D:21     | Reached XP level 16. HP: 88/127 MP: 34/34
 18395 | D:21     | Reached skill level 7 in Necromancy
 18605 | D:21     | Found a gateway to Hell.
 18702 | D:21     | Found a one-way gate leading to the halls of Pandemonium.
 18962 | D:22     | Reached skill level 16 in Armour
 19297 | D:23     | Reached skill level 8 in Necromancy
 19346 | D:23     | Found a one-way gate to the infinite horrors of the Abyss.
 19550 | D:23     | Reached skill level 18 in Axes
 20358 | D:17     | Found a portal to a secret trove of treasure.
 20777 | D:15     | Reached skill level 17 in Armour
 20809 | D:15     | Reached XP level 17. HP: 92/134 MP: 31/35
 20899 | Vault:1  | Entered Level 1 of the Vaults
 21135 | D:14     | Found a deep blue altar of Sif Muna.
 21476 | D:14     | Defeated Aizul
 21637 | Lair:1   | Learned a level 5 spell: Dispel Undead
 21640 | Lair:1   | Learned a level 2 spell: Blink
 21666 | Lair:1   | Fell from the grace of Elyvilon
 21666 | Lair:1   | Became a worshipper of Fedhas Madash
 21771 | Lair:1   | Lost mutation: You have a fast metabolism.
 22199 | Lair:7   | Acquired Fedhas's first power
 22612 | Lair:8   | Acquired Fedhas's second power
 22900 | Lair:1   | Upgraded the game from 0.10-a0-2521-gd0f13c5 to 0.10-a0-2627-g8180956
 22962 | Snake:1  | Entered Level 1 of the Snake Pit
 23084 | Snake:3  | Noticed Rupert
 23100 | Snake:3  | Defeated Rupert
 23477 | Snake:3  | Noticed Frances
 23482 | Snake:3  | Noticed Norris
 23608 | Snake:3  | Defeated Frances
 23608 | Snake:3  | Reached skill level 18 in Armour
 23608 | Snake:3  | Reached skill level 9 in Necromancy
 23851 | Snake:1  | Found a glowing silver altar of Zin.
 23907 | Snake:1  | Acquired Fedhas's third power
 24689 | Snake:3  | Reached skill level 19 in Axes
 24712 | Snake:3  | Got a transparent copper ring
 24715 | Snake:3  | Identified the ring of Aceal (You found it on level 3 of the Snake Pit)
 24833 | Snake:4  | Got an ancient great mace
 25046 | Snake:4  | Acquired Fedhas's fourth power
 25058 | Snake:5  | Entered Level 5 of the Snake Pit
 25111 | Snake:4  | Learned a level 1 spell: Apportation
 25113 | Snake:4  | Identified the great mace of Cauddam {freeze, rC+} (You found it on level 4 of the Snake Pit)
 25500 | Snake:5  | Reached skill level 1 in Translocations
 25610 | Snake:5  | Found Thuxiapli's Antique Armour Shoppe.
 25617 | Snake:5  | Bought an ancient helmet for 165 gold pieces
 25622 | Snake:5  | Identified the +2 helmet of Instinct (You bought it in a shop on level 5 of the Snake Pit)
 25643 | Snake:5  | Noticed Wiglaf
 25705 | Snake:5  | Defeated Wiglaf
 25705 | Snake:5  | Reached XP level 18. HP: 66/142 MP: 36/36
 26242 | Snake:5  | Acquired Fedhas's fifth power
 26249 | Snake:5  | Reached skill level 10 in Necromancy
 26890 | Snake:5  | Reached skill level 20 in Axes
 27234 | Snake:5  | Reached skill level 2 in Traps & Doors
 27537 | Snake:5  | Reached skill level 3 in Traps & Doors
 27772 | Snake:5  | Reached XP level 19. HP: 142/149 MP: 37/37
 27860 | Snake:5  | Got a serpentine rune of Zot
 28555 | Swamp:2  | Reached skill level 10 in Fighting
 28700 | Swamp:5  | Entered Level 5 of the Swamp
 28759 | Swamp:5  | Reached skill level 11 in Necromancy
 28864 | Swamp:5  | Reached skill level 4 in Traps & Doors
 29037 | Swamp:5  | HP: 18/225 [slime creature (7)]
 29037 | Swamp:5  | HP: 8/225 [slime creature (10)]
 29039 | Swamp:5  | HP: 1/225 [slime creature (8)]
 29112 | Swamp:4  | Reached skill level 19 in Armour
 29308 | Swamp:5  | Got a decaying rune of Zot
 29741 | D:15     | Reached skill level 6 in Spellcasting
 29854 | Vault:1  | Noticed Kirke
 29882 | Vault:1  | Defeated Kirke
 29882 | Vault:1  | Reached skill level 5 in Traps & Doors
 30330 | Vault:1  | Paralysed by an ogre mage for 3 turns
 30521 | Vault:1  | Reached skill level 6 in Traps & Doors
 30626 | Vault:2  | Noticed a shining eye
 30627 | Vault:2  | a shining eye changed into a lindwurm
 30665 | Vault:2  | Reached XP level 20. HP: 161/161 MP: 37/37
 30748 | Vault:2  | Reached skill level 11 in Fighting
 30824 | Vault:3  | Found a staircase to the Crypt.
 30847 | Crypt:1  | Entered Level 1 of the Crypt
 30917 | Crypt:3  | Found an ancient bone altar of Kikubaaqudgha.
 31061 | Crypt:1  | Noticed Agnes
 31121 | Vault:3  | Found Kuun's General Store.
 31125 | Vault:3  | Reached skill level 12 in Necromancy
 31187 | Vault:3  | Bought a potion of heal wounds for 45 gold pieces
 31187 | Vault:3  | Bought a potion of curing for 30 gold pieces
 31415 | Vault:5  | Reached skill level 7 in Spellcasting
 31446 | Vault:5  | Reached skill level 7 in Traps & Doors
 31766 | Vault:4  | Noticed a toenail golem
 31777 | Vault:4  | Defeated a toenail golem
 32020 | Vault:4  | Reached skill level 12 in Fighting
 32081 | Vault:5  | Found Uciefea's Antique Armour Emporium.
 32118 | Vault:5  | Noticed a deep elf mage
 32118 | Vault:5  | Noticed a deep elf conjurer
 32123 | Vault:5  | Defeated a deep elf mage
 32124 | Vault:5  | Defeated a deep elf conjurer
 32447 | Vault:7  | Reached XP level 21. HP: 118/172 MP: 38/38
 32717 | Vault:6  | Got a glittering lapis lazuli ring
 32718 | Vault:6  | Identified the ring "Myshroili" (You found it on level 6 of the Vaults)
 32900 | Vault:5  | Got a yellowed book
 32907 | Vault:5  | Identified the Volume of Malediction (You found it on level 5 of the Vaults)
 32958 | Vault:6  | Noticed Mennas
 33128 | Vault:7  | Reached skill level 8 in Traps & Doors
 33421 | Vault:8  | Entered Level 8 of the Vaults
 33459 | Vault:7  | Reached XP level 20. HP: 136/167 MP: 37/37
 33460 | Vault:7  | Reached XP level 21. HP: 138/174 MP: 38/38
 33461 | Vault:7  | Reached XP level 20. HP: 135/167 MP: 37/37
 33555 | Vault:8  | Noticed a golden dragon
 33632 | Vault:7  | Reached XP level 21. HP: 89/174 MP: 38/38
 33813 | Vault:7  | Reached skill level 13 in Necromancy
 33840 | Vault:7  | Reached skill level 8 in Spellcasting
 33923 | Vault:7  | Reached skill level 20 in Invocations
 33929 | Vault:7  | Reached skill level 13 in Fighting
 34014 | Vault:7  | Got a pair of faintly humming gloves
 34024 | Vault:7  | Identified the +2 pair of gloves of Weightlessness (You found it on level 7 of the Vaults)
 34025 | Vault:7  | decent random equipment
 34143 | Vault:7  | Defeated a golden dragon
 34229 | Vault:8  | Noticed a deep elf sorcerer
 34245 | Vault:8  | Defeated a deep elf sorcerer
 34249 | Vault:8  | Noticed a deep elf demonologist
 34257 | Vault:8  | Defeated a deep elf demonologist
 34310 | Vault:8  | Reached skill level 9 in Traps & Doors
 34459 | Vault:8  | Noticed a bone dragon
 34470 | Vault:8  | Defeated a bone dragon
 34621 | Vault:8  | Noticed a guardian serpent
 34623 | Vault:8  | a guardian serpent changed into an elf
 34717 | Vault:8  | Got a pitted brass ring
 34780 | Vault:8  | Defeated a guardian serpent
 34831 | Vault:8  | Noticed a pulsating lump
 34831 | Vault:8  | a deep troll changed into a pulsating lump
 34835 | Vault:8  | a pulsating lump changed into a glowing shapeshifter
 34836 | Vault:8  | Noticed a pulsating lump
 34836 | Vault:8  | a glowing shapeshifter changed into a pulsating lump
 34838 | Vault:8  | a pulsating lump changed into an anaconda
 34905 | Vault:8  | Identified the ring of Obsession (You found it on level 8 of the Vaults)
 34915 | Vault:8  | Learned a level 6 spell: Haste
 34949 | Vault:8  | Noticed a deep elf annihilator
 34953 | Vault:8  | Noticed soul's ghost (mighty MiFi)
 34960 | Vault:8  | Reached skill level 21 in Invocations
 34974 | Vault:8  | Defeated a deep elf annihilator
 35074 | Vault:8  | Defeated soul's ghost
 35076 | Vault:8  | Reached XP level 22. HP: 147/185 MP: 39/39
 35157 | Vault:8  | Got a crude silver ring
 35172 | Vault:8  | Got a silver rune of Zot
 35226 | Vault:8  | Reached XP level 21. HP: 168/177 MP: 38/38
 35236 | Vault:8  | Reached XP level 22. HP: 169/185 MP: 39/39
 35242 | Vault:8  | Noticed an ancient lich
 35393 | Vault:8  | Noticed an iron dragon
 35407 | Vault:8  | Defeated an iron dragon
 35492 | Vault:8  | Found Cakkak's Assorted Antiques.
 35507 | Vault:8  | Bought a scroll of fog for 90 gold pieces
 35531 | Vault:8  | Got a fine plate armour
 35771 | Vault:8  | Defeated an ancient lich
 35771 | Vault:8  | Reached skill level 9 in Spellcasting
 35856 | Vault:8  | Reached skill level 14 in Fighting
 35856 | Vault:8  | Reached skill level 10 in Traps & Doors
 36136 | Vault:8  | Identified the ring of Mika (You found it on level 8 of the Vaults)
 36538 | Vault:8  | surprise
 36544 | Vault:8  | Defeated Mennas
 36634 | Vault:6  | Reached skill level 14 in Necromancy
 36758 | Vault:5  | Found a staircase to the Hall of Blades.
 36820 | Blade    | Entered the Hall of Blades
 36847 | Vault:5  | Reached XP level 21. HP: 95/179 MP: 38/38
 37080 | Vault:4  | Reached XP level 22. HP: 126/188 MP: 39/39
 37447 | Crypt:1  | Defeated Agnes
 37477 | Crypt:1  | Noticed Louise
 37503 | Crypt:1  | Defeated Louise
 37667 | Crypt:2  | Noticed Xtahua
 37693 | Crypt:2  | Defeated Xtahua
 37771 | Crypt:2  | Reached skill level 20 in Armour
 37991 | Crypt:3  | Reached skill level 15 in Fighting
 38240 | Crypt:3  | Got a jade amulet
 38349 | Crypt:4  | Reached skill level 9 in Charms
 38442 | Crypt:5  | Entered Level 5 of the Crypt
 38528 | Crypt:5  | Got a pair of shimmering gloves
 38539 | Crypt:5  | Identified the +2 pair of gloves of the World (You found it on level 5 of the Crypt)
 38781 | Crypt:5  | Noticed a lich
 38783 | Crypt:5  | Defeated a lich
 38843 | Crypt:5  | Learned a level 3 spell: Regeneration
 38879 | Crypt:5  | Reached XP level 23. HP: 198/198 MP: 35/40
 38961 | Crypt:5  | Reached skill level 15 in Necromancy
 38989 | Crypt:5  | Reached skill level 10 in Charms
 39046 | Crypt:5  | banana banana banana
 39088 | Crypt:5  | Noticed an ancient lich
 39098 | Crypt:5  | Defeated an ancient lich
 39127 | Crypt:5  | Got a smoking turquoise ring
 39428 | Crypt:5  | Reached skill level 11 in Charms
 39819 | Crypt:5  | Identified the amulet of the Four Winds (You found it on level 3 of the Crypt)
 40076 | Crypt:3  | Identified the ring of Light (You found it on level 5 of the Crypt)
 40514 | Crypt:2  | Found a staircase to the Tomb.
 40676 | Vault:3  | Bought a scroll of identify for 30 gold pieces
 40902 | D:15     | Learned a level 7 spell: Borgnjor's Revivification
 40905 | D:15     | Learned a level 2 spell: Shroud of Golubria
 41353 | Orc:2    | Bought a book of Control for 975 gold pieces
 41359 | Orc:2    | Learned a level 4 spell: Control Teleport
 41447 | Orc:4    | Bought a scroll of fog for 74 gold pieces
 41694 | Orc:3    | Reached skill level 12 in Charms
 41777 | Orc:4    | Found a staircase to the Elven Halls.
 41830 | Elf:1    | Entered Level 1 of the Elven Halls
 41966 | Elf:1    | Found Mafimnirph's Antique Weapon Shop.
 42193 | Elf:2    | Noticed Urug
 42204 | Elf:2    | Defeated Urug
 42342 | Elf:2    | Noticed Nessos
 42402 | Elf:2    | Defeated Nessos
 42856 | Elf:5    | Entered Level 5 of the Elven Halls
 42863 | Elf:5    | boring
 43540 | Elf:5    | Noticed a deep elf blademaster
 43542 | Elf:5    | Noticed a deep elf master archer
 43545 | Elf:5    | Noticed a deep elf blademaster
 43564 | Elf:5    | Defeated a deep elf blademaster
 43574 | Elf:5    | Defeated a deep elf blademaster
 43579 | Elf:5    | Reached skill level 16 in Necromancy
 43592 | Elf:5    | Defeated a deep elf master archer
 43592 | Elf:5    | Reached XP level 24. HP: 142/207 MP: 39/40
 43629 | Elf:5    | Reached XP level 23. HP: 147/199 MP: 39/40
 43765 | Elf:5    | Noticed Nikola
 43788 | Elf:5    | Defeated Nikola
 43800 | Elf:5    | Reached XP level 24. HP: 136/207 MP: 37/40
 43867 | Elf:5    | Noticed a deep elf master archer
 43890 | Elf:5    | Defeated a deep elf master archer
 43927 | Elf:5    | Noticed a deep elf master archer
 43950 | Elf:5    | Defeated a deep elf master archer
 44345 | Elf:5    | Got a heavily runed turquoise ring
 44403 | Elf:5    | Noticed a deep elf blademaster
 44404 | Elf:5    | Noticed a deep elf master archer
 44404 | Elf:5    | Noticed a deep elf master archer
 44431 | Elf:5    | Defeated a deep elf blademaster
 44445 | Elf:5    | Defeated a deep elf master archer
 44450 | Elf:5    | Defeated a deep elf master archer
 44601 | Elf:5    | Got a twitching iron ring
 44625 | Elf:5    | Got a sparkling book
 44628 | Elf:5    | Identified the Collected Works on Congealing Orientation (You found it on level 5 of the Elven Halls)
 44706 | Elf:5    | Got an ancient turquoise ring
 44736 | Elf:5    | Identified the ring of Khomarphy (You found it on level 5 of the Elven Halls)
 44737 | Elf:5    | Identified the ring "Fozosik" (You found it on level 5 of the Elven Halls)
 44738 | Elf:5    | Identified the cursed ring "Uhurph" (You found it on level 5 of the Elven Halls)
 44910 | Elf:4    | Found a magical portal.
 44915 | WizLab   | Entered The Chambers of Pemmyeg the Cloud Mage
 44922 | WizLab   | Reached skill level 16 in Fighting
 45005 | WizLab   | Reached skill level 13 in Charms
 45367 | WizLab   | Got a yellowed book
 45368 | WizLab   | Identified Nikola's Incunabulum of the Damaging Birds (You found it in The Chambers of Pemmyeg the Cloud Mage)
 45406 | WizLab   | Got a levitating book
 45408 | WizLab   | Identified Vine's Tome of Harmful Feathers (You found it in The Chambers of Pemmyeg the Cloud Mage) 46190
                  | trove
                  | Entered a treasure trove 46199
                  | trove
                  | Got an ancient plate armour 46203
                  | trove
                  | Got a shimmering plate armour 46206
                  | trove
                  | Got a bloodstained cloak 46210
                  | trove
                  | Got a pair of polished gloves
 46238 | D:17     | Identified the +1 cloak "Blaq" (You found it in a treasure trove)
 46245 | D:17     | Identified the +1 pair of gloves of Abstinence (You found it in a treasure trove)
 46316 | D:19     | Noticed a yaktaur captain
 46325 | D:19     | Defeated a yaktaur captain
 46841 | D:25     | Entered Level 25 of the Dungeon
 46952 | D:25     | Reached skill level 17 in Necromancy
 47010 | D:25     | You fall through a shaft!
 47176 | D:25     | Found a gateway to a ziggurat.
 47272 | D:25     | Reached skill level 14 in Charms
 47299 | D:25     | Reached XP level 25. HP: 208/217 MP: 41/41
 47611 | D:27     | Entered Level 27 of the Dungeon
 47782 | D:27     | Noticed a bone dragon
 47807 | D:27     | Defeated a bone dragon
 47991 | Zot:1    | Entered Level 1 of the Realm of Zot
 48006 | Zot:1    | Reached skill level 18 in Necromancy
 48169 | Zot:1    | Reached skill level 15 in Charms
 48836 | Zot:3    | Identified the +4 plate armour "Wiguasim" (You found it in a treasure trove)
 48837 | Zot:3    | Identified the cursed -4 plate armour of Daffodils (You found it in a treasure trove)
 49013 | Zot:4    | Reached XP level 26. HP: 220/228 MP: 41/41
 49153 | Zot:5    | Entered Level 5 of the Realm of Zot
 49273 | Zot:5    | Reached skill level 17 in Fighting
 49613 | Zot:3    | Reached skill level 19 in Necromancy
 49760 | Zot:4    | Reached skill level 16 in Charms
 50196 | Zot:5    | Reached skill level 18 in Fighting
 50287 | Zot:5    | Reached XP level 27. HP: 204/240 MP: 36/42
 50734 | Zot:5    | Gained mutation: Your muscles are flexible, but weak (Str -1, Dex +1).
 50903 | Zot:5    | Reached skill level 10 in Spellcasting
 50938 | Zot:5    | Reached skill level 17 in Charms
 50938 | Zot:5    | Reached skill level 20 in Necromancy
 51075 | Zot:5    | Gained mutation: Armour fits poorly on your strangely shaped body.
 51167 | Zot:5    | HP: 18/240 [Orb Guardian (25)]
 51889 | Zot:1    | Reached skill level 11 in Spellcasting
 51982 | Zot:1    | Gained mutation: You are frail (-10% HP).
 52243 | D:27     | Noticed Frederick
 52306 | D:27     | Defeated Frederick
 52431 | D:27     | Reached skill level 18 in Charms
 52450 | D:27     | Reached skill level 21 in Necromancy
 53002 | D:26     | Noticed a deep elf high priest
 53022 | D:26     | Defeated a deep elf high priest
 53115 | D:26     | Reached skill level 12 in Spellcasting
 53158 | D:26     | Noticed a war axe
 53193 | D:26     | Defeated a war axe
 53282 | D:26     | Reached skill level 19 in Fighting
 53302 | D:26     | Got a transparent glass ring
 53468 | D:26     | Noticed an iron dragon
 53488 | D:26     | Defeated an iron dragon
 53746 | D:26     | Noticed a golden dragon
 53753 | D:26     | Noticed a quicksilver dragon
 53773 | D:26     | Defeated a quicksilver dragon
 53778 | D:26     | Defeated a golden dragon
 54039 | Hell     | Entered the Vestibule of Hell
 54039 | Hell     | Noticed Geryon
 54178 | D:26     | Reached skill level 13 in Spellcasting
 54322 | D:25     | Reached skill level 20 in Fighting
 54501 | D:24     | Identified the ring "Chigeeme" (You found it on level 26 of the Dungeon)
 54560 | D:25     | Noticed a guardian serpent
 54566 | D:25     | Defeated a guardian serpent
 54567 | D:25     | Found a shimmering altar of Xom.
 54699 | D:20     | Bought a potion of curing for 34 gold pieces
 54699 | D:20     | Bought a potion of heal wounds for 51 gold pieces
 54699 | D:20     | Bought a potion of heal wounds for 51 gold pieces
 54707 | D:20     | Paralysed by a giant eyeball for 2 turns
 54710 | D:20     | Paralysed by a giant eyeball for 2 turns
 55026 | D:15     | Lost mutation: You are frail (-10% HP).
 55026 | D:15     | Lost mutation: Your muscles are flexible, but weak (Str -1, Dex +1).
 55026 | D:15     | Lost mutation: Armour fits poorly on your strangely shaped body.
 55045 | D:15     | Learned a level 8 spell: Death's Door
 55347 | Slime:1  | Entered Level 1 of the Pits of Slime
 55488 | Slime:2  | Gained mutation: You are clumsy (Dex -1).
 55828 | Slime:6  | Entered Level 6 of the Pits of Slime
 55944 | Slime:6  | Paralysed by a giant eyeball for 4 turns
 55952 | Slime:6  | Paralysed by a giant eyeball for 2 turns
 56241 | Slime:6  | Found a viscous altar of Jiyva.
 56243 | Slime:6  | Noticed the royal jelly
 56303 | Slime:6  | Defeated the royal jelly
 56303 | Slime:6  | Reached skill level 22 in Invocations
 56482 | Slime:5  | Gained mutation: Your body is slowly deteriorating.
 56724 | Slime:6  | Got a faintly humming helmet
 56742 | Slime:6  | Got a faintly glowing brass ring
 56798 | Slime:6  | Got an antique book
 56799 | Slime:6  | Identified Sif Muna's Collected Works on Flight (You found it on level 6 of the Pits of Slime)
 56820 | Slime:6  | Got a fine staff
 56833 | Slime:6  | Got a slimy rune of Zot
 56847 | Slime:6  | Identified the ring "Heeniuq" (You found it on level 6 of the Pits of Slime)
 56853 | Slime:6  | Identified the cursed -3 helmet of the Amoeba (You found it on level 6 of the Pits of Slime)
 56860 | Slime:6  | Identified the staff of Spontaneous Combustion {drain, Str+4 Int+2} (You found it on level 6 of the Pits of Slime)
 57711 | Lair:8   | Defeated hyperelynae's ghost
 57981 | D:10     | Lost mutation: You are clumsy (Dex -1).
 57981 | D:10     | Lost mutation: Your body is slowly deteriorating. 58155
                  | bailey
                  | Entered the bailey
 58432 | D:15     | Upgraded the game from 0.10-a0-2627-g8180956 to 0.10-a0-2646-g843efcf
 58735 | Tomb:1   | Entered Level 1 of the Tomb of the Ancients
 58961 | Tomb:1   | Reached skill level 2 in Translocations
 59119 | Tomb:1   | fruit mmh
 60164 | Tomb:1   | Reached skill level 3 in Translocations
 60189 | Tomb:1   | Reached skill level 14 in Spellcasting
 61048 | Vault:3  | Reached skill level 23 in Invocations
 61161 | D:15     | Learned a level 4 spell: Insulation
 61180 | D:15     | Learned a level 4 spell: Dig
 61338 | Hell     | Reached skill level 19 in Charms
 61491 | Hell     | Reached skill level 4 in Translocations
 62041 | D:21     | Reached skill level 22 in Necromancy
 62253 | Hell     | Defeated Geryon
 62269 | Hell     | HP: 23/247 [hell beast[Geryon] (13)]
 62276 | Hell     | HP: 24/247 [hell beast[Geryon] (3)]
 62379 | Hell     | Found a gateway to the Iron City of Dis.
 62518 | Pan      | Entered Pandemonium
 62814 | Pan      | Noticed Pson the pandemonium lord
 62837 | Pan      | Entered the realm of Lom Lobon.
 63662 | Pan      | Noticed Lom Lobon
 63704 | Pan      | Defeated Lom Lobon
 63710 | Pan      | Got a magical rune of Zot
 64856 | Pan      | Got a fine chain mail
 64857 | Pan      | Identified the +0 chain mail "Shir Uru" (You found it in Pandemonium)
 65047 | Pan      | Noticed Thoolot the pandemonium lord
 65078 | Pan      | Defeated Thoolot the pandemonium lord
 65435 | Pan      | Noticed Ydacw the pandemonium lord
 65628 | Pan      | Entered the realm of Gloorx Vloq.
 65628 | Pan      | Found a gateway to a ziggurat.
 65670 | Pan      | Reached skill level 24 in Invocations
 66444 | Pan      | Noticed Gloorx Vloq
 66463 | Pan      | Defeated Gloorx Vloq
 66484 | Pan      | Got a dark rune of Zot
 66621 | Pan      | You paid a toll of 3100 gold to enter a ziggurat.
 66621 | Zig:1    | Entered level 1 of a ziggurat
 66649 | Zig:2    | Entered level 2 of a ziggurat
 66681 | Zig:2    | Learned a level 1 spell: Summon Butterflies
 66691 | Zig:3    | Entered level 3 of a ziggurat
 66693 | Zig:3    | Noticed Xaikicse the pandemonium lord
 66716 | Zig:3    | Defeated Xaikicse the pandemonium lord
 66747 | Zig:4    | Entered level 4 of a ziggurat
 66852 | Zig:5    | Entered level 5 of a ziggurat
 66866 | Zig:5    | Reached skill level 15 in Spellcasting
 66985 | Zig:6    | Entered level 6 of a ziggurat
 67141 | Zig:7    | Entered level 7 of a ziggurat
 67168 | Zig:7    | Gained mutation: You are weak (Str -1).
 67307 | Zig:8    | Entered level 8 of a ziggurat
 67420 | Zig:8    | Got a droning book
 67421 | Zig:8    | Identified the Tome of the Arcane (You found it on level 8 of a ziggurat)
 67446 | Zig:9    | Entered level 9 of a ziggurat
 67505 | Zig:9    | Reached skill level 20 in Charms
 67574 | Zig:9    | Reached skill level 2 in Summonings
 67574 | Zig:9    | Reached skill level 1 in Transmutations
 67574 | Zig:9    | Reached skill level 1 in Earth Magic
 67600 | Zig:10   | Entered level 10 of a ziggurat
 67662 | Zig:11   | Entered level 11 of a ziggurat
 67674 | Zig:11   | Noticed Tweit the pandemonium lord
 67682 | Zig:11   | Noticed Korirph the pandemonium lord
 67683 | Zig:11   | Noticed Woimose the pandemonium lord
 67689 | Zig:11   | Noticed Araohat the pandemonium lord
 67693 | Zig:11   | Noticed Skiusy the pandemonium lord
 67790 | Pan      | Gained mutation: You are frail (-10% HP).
 68184 | Pan      | Noticed Ceosiddem the pandemonium lord
 68261 | Pan      | Gained mutation: Your vision is a little blurry.
 68412 | Pan      | Noticed Sang the pandemonium lord
 68420 | Pan      | Got a demonic rune of Zot
 68437 | Pan      | Paralysed by a giant eyeball for 2 turns
 68439 | Pan      | Gained mutation: Your magical capacity is low (-10% MP).
 68461 | Pan      | Defeated Sang the pandemonium lord
 68461 | Pan      | Reached skill level 23 in Necromancy
 68466 | Pan      | Paralysed by a giant eyeball for 2 turns
 68703 | Pan      | Got a pair of bloodstained boots
 68730 | Pan      | Identified the cursed -5 pair of boots of Shunt (You found it in Pandemonium)
 69036 | Pan      | Lost mutation: Your vision is a little blurry.
 69036 | Pan      | Lost mutation: You are weak (Str -1).
 69036 | Pan      | Lost mutation: Your magical capacity is low (-10% MP).
 69036 | Pan      | Lost mutation: You are frail (-10% HP).
 69356 | Pan      | Entered the realm of Mnoleg.
 69929 | Pan      | Noticed Mnoleg
 69957 | Pan      | Paralysed by a giant eyeball for 2 turns
 69966 | Pan      | Defeated Mnoleg
 69966 | Pan      | Reached skill level 25 in Invocations
 69968 | Pan      | Paralysed by a giant eyeball for 4 turns
 70140 | Pan      | Got a glowing rune of Zot
 70419 | Pan      | Entered the realm of Cerebov.
 70853 | Pan      | Reached skill level 2 in Evocations
 71039 | Pan      | Got a heavily runed silver ring
 71153 | Pan      | Reached skill level 3 in Evocations
 71357 | Pan      | Noticed Cerebov
 71373 | Pan      | worth a try
 71417 | Pan      | Defeated Cerebov
 71417 | Pan      | Reached skill level 21 in Fighting
 71473 | Pan      | one poor oblok lost its life
 71490 | Pan      | Got a great serpentine sword {flame}
 71561 | Pan      | Identified the ring of Winiukh (You found it in Pandemonium)
 71594 | Pan      | Got a fiery rune of Zot
 71671 | Pan      | Reached skill level 4 in Evocations
 71886 | Pan      | Noticed Zegom Fugeil the pandemonium lord
 72026 | Dis:1    | Entered Level 1 of the Iron City of Dis
 72613 | Dis:7    | Entered Level 7 of the Iron City of Dis
 72694 | Dis:7    | Reached skill level 21 in Armour
 72721 | Dis:7    | HP: 19/253 [tormentor/torment (16)]
 73139 | Dis:7    | Noticed an iron dragon
 73154 | Dis:7    | Defeated an iron dragon
 73162 | Dis:7    | Got a scintillating steel amulet
 73172 | Dis:7    | Noticed an iron dragon
 73177 | Dis:7    | Defeated an iron dragon
 73435 | Dis:7    | Noticed a Brimstone Fiend
 73459 | Dis:7    | Noticed Dispater
 73518 | Dis:7    | smart thing to drop: wand of healing
 73561 | Dis:7    | Noticed a Brimstone Fiend
 73588 | Dis:7    | Defeated a Brimstone Fiend
 73642 | Dis:7    | Noticed an iron dragon
 73660 | Dis:7    | Got an iron rune of Zot
 73665 | Dis:7    | Got a graven book
 73745 | Dis:7    | Gained mutation: You heal slowly.
 73799 | Hell     | Identified the Incunabulum of Boosts (You found it on level 7 of the Iron City of Dis)
 73849 | Hell     | Found a gateway to the decaying netherworld of Tartarus.
 73934 | Tar:1    | Entered Level 1 of Tartarus
 74433 | Tar:7    | Entered Level 7 of Tartarus
 74676 | Hell     | Identified the amulet of Wyilopp (You found it on level 7 of the Iron City of Dis)
 74777 | Tar:2    | Reached skill level 26 in Invocations
 75397 | Tar:7    | HP: 24/254 [tormentor/torment[a shadow demon] (21)]
 75481 | Hell     | Learned a level 3 spell: Abjuration
 76060 | Tar:7    | Reached skill level 3 in Summonings
 76381 | Tar:7    | Noticed the Serpent of Hell
 76399 | Tar:7    | Defeated the Serpent of Hell
 76660 | Tar:7    | Reached skill level 4 in Summonings
 76694 | Tar:7    | Got a bone rune of Zot
 76774 | Geh:1    | Entered Level 1 of Gehenna
 76925 | Geh:1    | Reached skill level 24 in Necromancy
 76943 | Geh:1    | Noticed a Brimstone Fiend
 76950 | Geh:1    | Defeated a Brimstone Fiend
 77873 | Tomb:2   | HP: 23/255 [greater mummy/torment (20)]
 77878 | Tomb:2   | HP: 24/255 [greater mummy/torment (21)]
 78006 | Tomb:2   | Reached skill level 5 in Summonings
 78144 | Tomb:2   | Reached skill level 22 in Armour
 78323 | Tomb:2   | HP: 20/249 [indirect mummy death curse (36)]
 78825 | Tomb:2   | ugh... fuck zot trap mechanics
 79443 | Tomb:3   | Entered Level 3 of the Tomb of the Ancients
 79480 | Tomb:3   | good enough
 79555 | Tomb:3   | Reached skill level 6 in Summonings
 79650 | Tomb:3   | oh pro move
 79650 | Tomb:3   | never take your tele ring off
 79650 | Tomb:3   | it leads to faster ninja moves
 79673 | Tomb:3   | Got a golden rune of Zot
 79804 | Vault:3  | Bought 2 potions of curing for 60 gold pieces
 80523 | Geh:6    | Noticed a Brimstone Fiend
 80530 | Geh:6    | Noticed a Pit Fiend
 80532 | Geh:7    | Entered Level 7 of Gehenna
 80532 | Geh:7    | Noticed an efreet
 80533 | Geh:7    | hate it...
 80558 | Geh:7    | Noticed a Brimstone Fiend
 80566 | Geh:7    | Defeated a Brimstone Fiend
 80602 | Geh:7    | Defeated an efreet
 80778 | Geh:7    | Noticed an efreet
 80784 | Geh:7    | Defeated an efreet
 80828 | Geh:7    | Reached skill level 27 in Invocations
 80899 | Geh:7    | Reached skill level 23 in Armour
 81044 | Geh:7    | Noticed a Brimstone Fiend
 81050 | Geh:7    | Defeated a Brimstone Fiend
 81082 | Geh:7    | Noticed a Brimstone Fiend
 81108 | Geh:7    | Defeated a Brimstone Fiend
 81144 | Geh:7    | Noticed a Brimstone Fiend
 81146 | Geh:7    | Defeated a Brimstone Fiend
 81183 | Geh:7    | Noticed an efreet
 81192 | Geh:7    | Defeated an efreet
 81255 | Geh:7    | Noticed a Brimstone Fiend
 81257 | Geh:7    | Defeated a Brimstone Fiend
 81310 | Geh:7    | Noticed a Brimstone Fiend
 81310 | Geh:7    | Noticed Asmodeus
 81351 | Geh:7    | Got an obsidian rune of Zot
 81455 | Coc:1    | Entered Level 1 of Cocytus
 81547 | Coc:2    | Cast into the Abyss (the power of Zot)
 81547 | Abyss    | Found a corrupted altar of Lugonu.
 81548 | Abyss    | oh well. early abyss rune i guess
 81575 | Coc:2    | or not
 82189 | Coc:7    | Entered Level 7 of Cocytus
 82223 | Coc:7    | Paralysed by the effects of Hell for 4 turns
 82277 | Coc:7    | Gained mutation: Space occasionally distorts in your vicinity.
 82314 | Coc:7    | Gained mutation: You can spit poison.
 82346 | Coc:7    | Gained mutation: You are weak (Str -1).
 82401 | Coc:7    | Reached skill level 24 in Armour
 82440 | Coc:7    | Gained mutation: You are clumsy (Dex -1).
 82514 | Coc:7    | Gained mutation: Your body is slowly deteriorating.
 82582 | Coc:7    | Gained mutation: Your body is deteriorating.
 83111 | Coc:3    | HP: 20/229 [tormentor/torment (18)]
 83290 | Coc:4    | Reached skill level 25 in Necromancy
 83437 | Coc:7    | Noticed Antaeus
 83450 | Coc:7    | Got an icy rune of Zot
 83596 | Abyss    | Found a corrupted altar of Lugonu.
 83642 | Abyss    | Found a snail-covered altar of Cheibriados.
 83788 | Abyss    | Gained mutation: You occasionally shout uncontrollably.
 83848 | Abyss    | Noticed a mottled draconian
 83932 | Abyss    | Gained mutation: You have a fast metabolism.
 83952 | Abyss    | Noticed a mottled draconian simulacrum
 84032 | Abyss    | Found a corrupted altar of Lugonu.
 84459 | Abyss    | Found a snail-covered altar of Cheibriados.
 84480 | Abyss    | Got a fine helmet
 84487 | Abyss    | Identified the cursed -2 helmet of the Illusory Suns (You found it in the Abyss)
 84508 | Abyss    | Noticed an octopode
 84749 | Abyss    | Noticed a vampire
 84751 | Abyss    | Defeated a vampire
 84825 | Abyss    | Noticed a mottled draconian
 84867 | Abyss    | Found a corrupted altar of Lugonu.
 84933 | Abyss    | Noticed a deep troll simulacrum
 85184 | Abyss    | Noticed a sky beast
 85275 | Abyss    | Noticed an angel
 85291 | Abyss    | Defeated an angel
 85303 | Abyss    | Found a glowing golden altar of the Shining One.
 85319 | Abyss    | oh come on
 85368 | Abyss    | Found a corrupted altar of Lugonu.
 85371 | Abyss    | Found a corrupted altar of Lugonu.
 85445 | Abyss    | Noticed a white draconian annihilator
 85528 | Abyss    | Noticed a brown ugly thing
 85667 | Abyss    | Noticed a vapour
 85725 | Abyss    | Noticed a wizard
 85906 | Abyss    | Noticed a wood golem
 86085 | Abyss    | Reached skill level 25 in Armour
 86122 | Abyss    | Got an abyssal rune of Zot
 86255 | Abyss    | Noticed an eidolon
 86262 | Abyss    | Defeated an eidolon
 86775 | Zot:5    | Got the Orb of Zot
 86969 | Zot:3    | Noticed Uduzuutuywn the pandemonium lord
 87626 | D:2      | Noticed Ukkesi the pandemonium lord
 87626 | D:2      | Noticed a lich
 87626 | D:2      | oh come on
 87630 | D:2      | Noticed a centaur skeleton
 87630 | D:2      | Noticed a snake simulacrum
 87630 | D:2      | Noticed a necrophage
 87630 | D:2      | Noticed a centaur simulacrum
 87678 | D:$      | Escaped with the Orb!

Vanquished Creatures
  Monster Symbol All ';'
  4 giant goldfish
  A lava fish (Geh:7)
  10 electric eels
  5 big fish
20 creatures vanquished. All '(' 4 dancing weapons
4 creatures vanquished. All '@' Frederick (D:27) 7 wizards Kirke (Vault:1) Rupert (Snake:3) Frances (Snake:3) Louise (Crypt:1) 24 vault guards (Vault:7) 15 hell knights 6 necromancers A human (shapeshifter) (D:26) A demonspawn (D:14)
59 creatures vanquished. All '*' 4 orbs of fire A giant spore (D:14)
5 creatures vanquished. All '&' Cerebov (Pan) Gloorx Vloq (Pan) Mnoleg (Pan) Geryon (Hell) 2 pandemonium lords
6 creatures vanquished. All '%' 4 death cobs
4 creatures vanquished. All '1' 3 Pit Fiends 6 Brimstone Fiends 12 Ice Fiends 8 Shadow Fiends 10 Executioners (Pan)
39 creatures vanquished. All '2' 25 balrugs 15 cacodemons 32 reapers 6 Green Deaths (Pan) 9 blizzard demons 4 lorocyprocas 7 shadow demons 7 hellions 16 tormentors 19 hell beasts
140 creatures vanquished. All '3' 23 sun demons 16 soul eaters 20 ice devils 33 smoke demons 22 ynoxinuls 34 neqoxecs 5 chaos spawn
153 creatures vanquished. All '4' 16 sixfirhies 32 orange demons 27 hellwings 11 iron devils 11 hairy devils 17 blue devils 17 red devils 20 rotting devils
151 creatures vanquished. All '5' 30 crimson imps 7 quasits (Pan) 25 iron imps 28 midges 49 lemures 30 white imps 9 shadow imps 97 ufetubi
275 creatures vanquished. All '8' An electric golem (Zot:5) 3 iron golems (Dis:7) A statue (Vault:2) A toenail golem (Vault:4) A wood golem (D:11) A clay golem (D:18)
8 creatures vanquished. All '9' 16 metal gargoyles (Dis:7) 3 molten gargoyles (Geh:7)
19 creatures vanquished. All 'a' A queen ant (shapeshifter) (Vault:8) 2 soldier ants A worker ant (D:9)
4 creatures vanquished. All 'A' 4 angels
4 creatures vanquished. All 'b' 34 bats
34 creatures vanquished. All 'B' A boring beetle (shapeshifter) (Vault:8) 4 boulder beetles
5 creatures vanquished. All 'c' 37 yaktaur captains Nessos (Elf:2) 13 centaur warriors A yaktaur (shapeshifter) (Vault:4) 44 yaktaurs 8 centaurs
104 creatures vanquished. All 'C' 2 titans 7 frost giants 37 stone giants 9 fire giants 9 ettins 14 hill giants A cyclops (shapeshifter) (D:24) 7 cyclopes
86 creatures vanquished. All 'd' 2 draconian monks A draconian knight (Zot:1) 2 draconian zealots (Zot:4) A draconian shifter (Zot:4) 3 draconian annihilators 2 draconian callers (Zot:1) 3 grey draconians 2 green draconians 2 red draconians 4 pale draconians 3 yellow draconians 4 white draconians 5 mottled draconians 5 black draconians 3 purple draconians 2 draconians (shapeshifter)
44 creatures vanquished. All 'D' the Serpent of Hell (Tar:7) 5 golden dragons Xtahua (Crypt:2) 7 storm dragons A quicksilver dragon (D:26) 6 shadow dragons 12 bone dragons 4 iron dragons 6 dragons 17 ice dragons 2 dragons (shapeshifter) An ice dragon (shapeshifter) (D:26) 10 hydras 2 wyverns A steam dragon (Swamp:5) 4 mottled dragons
80 creatures vanquished. All 'e' 3 deep elf blademasters (Elf:5) 2 deep elf death magi (Elf:5) 3 deep elf master archers (Elf:5) 6 deep elf sorcerers 4 deep elf annihilators 6 deep elf demonologists 3 deep elf high priests 7 deep elf knights 4 deep elf conjurers 12 deep elf fighters 5 deep elf summoners 6 deep elf priests 3 elves (shapeshifter) 8 deep elf magi 41 deep elf soldiers
113 creatures vanquished. All 'E' 30 air elementals (Port)
30 creatures vanquished. All 'f' 7 ballistomycetes 2 fungi 8 toadstools
17 creatures vanquished. All 'F' 10 spiny frogs 6 blink frogs 26 giant frogs
42 creatures vanquished. All 'g' A gnoll (D:3) A gnoll (shapeshifter) (Vault:5) 14 goblins 2 hobgoblins
18 creatures vanquished. All 'G' 2 ophanim (Abyss) A great orb of eyes (shapeshifter) (D:26) 4 great orbs of eyes 3 giant orange brains (Pan) 5 shining eyes 3 eyes of devastation 5 golden eyes (Pan) An eye of draining (shapeshifter) (D:16) 9 eyes of draining 8 giant eyeballs
41 creatures vanquished. All 'h' 13 hell hogs 2 hogs (Vault:1) 33 hell hounds 5 wargs A wolf (Lair:8) 11 hounds 7 jackals
72 creatures vanquished. All 'H' 9 sphinxes A harpy (shapeshifter) (Vault:2) 6 griffons 3 hippogriffs 3 manticores
22 creatures vanquished. All 'i' Agnes (Crypt:1) 4 spriggans (D:22)
5 creatures vanquished. All 'I' 6 ice beasts A sky beast (D:27)
7 creatures vanquished. All 'j' Gastronok (Orc:1) An elephant slug (Lair:6) 4 giant slugs
6 creatures vanquished. All 'J' the royal jelly (Slime:6) 19 acid blobs 6 azure jellies 8 death oozes (Slime:6) A giant amoeba (shapeshifter) (Vault:8) 12 giant amoebae 148 slime creatures 15 brown oozes 15 jellyfish A pulsating lump (Slime:6) 14 jellies 7 oozes
247 creatures vanquished. All 'k' 2 giant fireflies (D:22) 3 bumblebees (D:25) 4 killer bees
9 creatures vanquished. All 'K' 3 big kobolds 17 kobolds
20 creatures vanquished. All 'l' A death drake (Zot:1) 4 komodo dragons 4 fire drakes A swamp drake (shapeshifter) (Vault:8) 4 swamp drakes 4 iguanas 3 giant geckos A giant newt (Swamp:2)
22 creatures vanquished. All 'L' 5 ancient liches 7 liches
12 creatures vanquished. All 'M' 6 greater mummies 13 mummy priests 42 guardian mummies 2 bog mummies (Swamp:5) 19 mummies
82 creatures vanquished. All 'n' 7 necrophages
7 creatures vanquished. All 'N' 6 greater nagas (Snake:5) 5 salamanders (Snake:5) 15 naga warriors 7 naga magi (Snake:5) 53 nagas
86 creatures vanquished. All 'o' Saint Roka (D:18) 2 orc high priests 13 orc knights Urug (Elf:2) 2 orc sorcerers (Port) 30 orc warriors 10 orc priests 11 orc wizards 142 orcs
212 creatures vanquished. All 'O' 5 ogre magi 9 two-headed ogres 2 two-headed ogres (shapeshifter) 21 ogres
37 creatures vanquished. All 'p' The ghost of hyperelynae the Impaler, a powerful DrWr of Vehumet (Lair:8) The ghost of tewe the Nimble, a powerful MfDK of Yredelemnul (D:13) 3 flayed ghosts 5 silent spectres 5 hungry ghosts 9 phantoms 28 shadows
52 creatures vanquished. All 'P' 4 plants
4 creatures vanquished. All 'q' Wiglaf (Snake:5) A deep dwarf (shapeshifter) (Vault:3)
2 creatures vanquished. All 'r' 10 orange rats 5 porcupines 33 green rats 14 grey rats 12 quokkas 23 rats
97 creatures vanquished. All 'R' 4 rakshasas (Pan) 8 efreeti 5 illusory rakshasas (Pan)
17 creatures vanquished. All 's' An emperor scorpion (shapeshifter) (D:26) 4 trapdoor spiders A trapdoor spider (shapeshifter) (D:16) 3 wolf spiders (Port) 2 redbacks 7 demonic crawlers (Pan) 6 tarantellas (Port) A scorpion (Port) A giant centipede (shapeshifter) (Vault:8) 2 giant mites 3 giant cockroaches (Port)
31 creatures vanquished. All 'S' Aizul (D:14) 8 anacondas A guardian serpent (shapeshifter) (D:25) 5 guardian serpents (Snake:5) 31 black mambas 22 water moccasins 3 lava snakes 50 snakes 3 small snakes A small snake (shapeshifter) (Vault:6)
125 creatures vanquished. All 't' 3 alligators (Swamp:2) An alligator (shapeshifter) (Vault:8) 4 crocodiles
8 creatures vanquished. All 'T' 8 deep trolls (D:26) A deep troll (shapeshifter) (Vault:8) 6 iron trolls 13 rock trolls 10 trolls
38 creatures vanquished. All 'u' A very ugly thing (D:20) 49 ugly things
50 creatures vanquished. All 'U' A black bear (D:22)
1 creature vanquished. All 'v' 11 vapours (Port) 7 insubstantial wisps (Swamp:4)
18 creatures vanquished. All 'V' A vampire knight (Crypt:3) 2 vampire magi 28 vampires
31 creatures vanquished. All 'w' 3 spiny worms A spiny worm (shapeshifter) (Vault:8) 4 rock worms 24 swamp worms A lava worm (Abyss) 5 brain worms 4 giant leeches 3 worms
45 creatures vanquished. All 'W' An eidolon (Abyss) 6 shadow wraiths 8 phantasmal warriors 18 wraiths 18 freezing wraiths
51 creatures vanquished. All 'x' 9 unseen horrors 25 small abominations 3 crawling corpses (Elf:5)
37 creatures vanquished. All 'X' 18 Orb Guardians (Zot:5) 17 tentacled monstrosities 26 large abominations 15 feature mimics 9 item mimics
85 creatures vanquished. All 'y' 4 ghost moths 4 red wasps A red wasp (shapeshifter) (D:26) 18 moths of wrath 39 vampire mosquitoes
66 creatures vanquished. All 'Y' An elephant (shapeshifter) (Vault:8) 40 yaks 3 sheep
44 creatures vanquished. All 'z' A curse toe (Crypt:5) A curse skull (Crypt:3) A hell hog zombie (Hell) 104 skeletal warriors A green draconian zombie (Crypt:5) A red draconian zombie (Crypt:4) 2 yellow draconian skeletons A grey draconian zombie (Port) A pale draconian skeleton (Crypt:3) 2 mottled draconian zombies (Crypt:3) A white draconian zombie (Tomb:2) 4 green draconian skeletons A purple draconian skeleton (Pan) 2 red draconian skeletons (Crypt:5) A mottled draconian skeleton (Tar:4) A siren zombie (Hell) 3 flaming corpses 2 black draconian skeletons (Crypt:5) 2 white draconian skeletons (Crypt:2) 3 sea snake skeletons A grey draconian skeleton (Crypt:2) A siren skeleton (Pan) A black mamba zombie (Crypt:1) A spriggan zombie (Tomb:2) A raven zombie (Tomb:2) 2 spriggan skeletons A human skeleton (Pan) A merfolk skeleton (Port) A baby alligator skeleton (Coc:5) 2 redback zombies A fire crab zombie (Vault:3) 2 blink frog skeletons A hog zombie (Tar:1) A giant firefly simulacrum (Tomb:2) A mermaid zombie (Crypt:5) A jumping spider zombie (Crypt:3) A mermaid skeleton (Tar:7) A bumblebee zombie (Vault:5) A draconian skeleton (Coc:6) A fire crab simulacrum (D:21) A yellow wasp zombie (Tomb:2) 2 war dog skeletons A wolf skeleton (Geh:1) 3 soldier ant zombies A basilisk zombie (D:9) A tarantella zombie (Crypt:3) A basilisk skeleton (D:12) A water moccasin skeleton (D:25) 90 wights A basilisk simulacrum (Vault:3) A dwarf zombie (Dis:7) A brain worm zombie (D:25) A tengu skeleton (Crypt:3) 2 deep dwarf skeletons A demigod skeleton (Crypt:3) 2 hound zombies 2 human zombies (Port) 5 big kobold skeletons 3 big kobold zombies A dwarf skeleton (Crypt:5) 3 hound skeletons 5 orange rat zombies (Hell) 2 worker ant zombies An orange rat skeleton (Hell) 2 big fish skeletons (Coc:7) A goliath beetle zombie (D:15) A halfling zombie (Dis:7) 57 flying skulls 3 orc zombies A porcupine zombie (Tar:1) A scorpion zombie (Crypt:3) A snake zombie (D:5) A giant centipede zombie (D:10) An iguana skeleton (D:14) 4 snake skeletons 2 porcupine skeletons 11 bat skeletons A bat zombie (Crypt:5) A giant mite zombie (D:6) 3 gnoll skeletons A giant cockroach zombie (Dis:3) 2 giant gecko skeletons A goblin skeleton (Tomb:2) 2 goblin zombies (Port) A hobgoblin skeleton (Crypt:5) A hobgoblin zombie (Orc:1) A jackal skeleton (Tomb:1) 2 jackal zombies (Crypt:3) 3 kobold skeletons 2 kobold zombies 3 orc skeletons A quokka skeleton (D:25) A quokka zombie (Crypt:4) 3 rat skeletons 3 small snake skeletons
408 creatures vanquished. All 'Z' A quicksilver dragon zombie (Hell) 3 quicksilver dragon skeletons 5 storm dragon skeletons 2 anaconda skeletons An iron dragon zombie (Port) 2 frost giant zombies 5 shadow dragon skeletons 4 stone giant zombies 2 fire giant zombies 2 sphinx skeletons 5 stone giant skeletons 5 fire giant skeletons 2 frost giant skeletons (Crypt:5) An iron dragon skeleton (Dis:7) A dire elephant skeleton (Crypt:1) 2 death drake zombies 2 yaktaur skeletons A shadow dragon simulacrum (Tar:2) A death yak skeleton (Crypt:5) An iron troll skeleton (Dis:7) 2 harpy skeletons A guardian serpent zombie (Geh:2) A trapdoor spider zombie (Tomb:1) A griffon skeleton (Vault:1) 2 hydra skeletons 2 minotaur skeletons (Crypt:5) A wolf spider zombie (Hell) 3 dragon zombies An alligator zombie (Crypt:3) 3 dragon skeletons 14 ice dragon skeletons A queen ant zombie (Port) 6 ettin skeletons 2 hill giant zombies 2 hill giant skeletons An agate snail zombie (Vault:5) A rock troll zombie (D:21) A deep troll zombie (D:21) 2 deep troll skeletons 3 spiny frog skeletons 5 rock troll skeletons A trapdoor spider simulacrum (Tomb:1) A hydra simulacrum (Pan) A lindwurm zombie (Pan) 2 snapping turtle skeletons A lindwurm skeleton (Hell) 2 swamp dragon zombies (Crypt:5) 2 yaktaur zombies 2 cyclops zombies A fire drake skeleton (Geh:7) 4 cyclops skeletons 2 wyvern skeletons A hippogriff zombie (Crypt:1) A rock worm zombie (Vault:3) A polar bear skeleton (Crypt:4) A troll skeleton (Hell) 2 grizzly bear skeletons 2 hippogriff skeletons A boulder beetle zombie (D:19) 2 boring beetle zombies A yaktaur simulacrum (Vault:4) 3 centaur zombies 2 giant frog skeletons 2 two-headed ogre skeletons 2 warg zombies 2 crocodile zombies An ogre skeleton (Crypt:5) 3 mottled dragon skeletons 2 boulder beetle simulacra A naga skeleton (Geh:1) A steam dragon zombie (Tar:4)
153 creatures vanquished.
3714 creatures vanquished. Monster Nature Uniques Cerebov (Pan) Gloorx Vloq (Pan) Mnoleg (Pan) the royal jelly (Slime:6) the Serpent of Hell (Tar:7) Saint Roka (D:18) Geryon (Hell) Xtahua (Crypt:2) Frederick (D:27) Kirke (Vault:1) Rupert (Snake:3) Agnes (Crypt:1) Frances (Snake:3) Aizul (D:14) Louise (Crypt:1) Gastronok (Orc:1) Wiglaf (Snake:5) Nessos (Elf:2) Urug (Elf:2)
19 creatures vanquished. Natural Monsters 5 golden dragons 18 Orb Guardians (Zot:5) 3 deep elf blademasters (Elf:5) 7 wizards 7 storm dragons 2 titans 4 ghost moths A quicksilver dragon (D:26) 6 shadow dragons 19 acid blobs 9 sphinxes 2 draconian monks A draconian knight (Zot:1) 7 frost giants 4 iron dragons 2 draconian zealots (Zot:4) 6 azure jellies A draconian shifter (Zot:4) 3 draconian annihilators 37 stone giants 9 fire giants 2 draconian callers (Zot:1) 3 grey draconians 2 green draconians 6 greater nagas (Snake:5) 2 deep elf death magi (Elf:5) 2 red draconians 4 pale draconians 3 yellow draconians 4 white draconians 5 mottled draconians 5 black draconians 3 deep elf master archers (Elf:5) 3 purple draconians 37 yaktaur captains 6 deep elf sorcerers 9 ettins 5 salamanders (Snake:5) 4 deep elf annihilators 6 dragons 24 vault guards (Vault:7) 17 ice dragons A great orb of eyes (shapeshifter) (D:26) 2 dragons (shapeshifter) 4 great orbs of eyes 5 ogre magi An ice dragon (shapeshifter) (D:26) 3 alligators (Swamp:2) 6 deep elf demonologists 10 hydras A very ugly thing (D:20) 2 orc high priests An alligator (shapeshifter) (Vault:8) 3 deep elf high priests 8 deep trolls (D:26) 8 anacondas 13 centaur warriors A deep troll (shapeshifter) (Vault:8) An emperor scorpion (shapeshifter) (D:26) 6 iron trolls A death drake (Zot:1) 3 giant orange brains (Pan) 15 hell knights 15 naga warriors 7 deep elf knights A giant amoeba (shapeshifter) (Vault:8) 14 hill giants 12 giant amoebae 9 unseen horrors 13 orc knights A guardian serpent (shapeshifter) (D:25) 2 orc sorcerers (Port) 4 red wasps 5 guardian serpents (Snake:5) A harpy (shapeshifter) (Vault:2) 5 shining eyes 3 spiny worms A cyclops (shapeshifter) (D:24) A red wasp (shapeshifter) (D:26) 7 cyclopes A spiny worm (shapeshifter) (Vault:8) 31 black mambas 4 trapdoor spiders 18 moths of wrath 6 griffons An elephant slug (Lair:6) A trapdoor spider (shapeshifter) (D:16) 3 wolf spiders (Port) 6 necromancers A yaktaur (shapeshifter) (Vault:4) 148 slime creatures 3 eyes of devastation An elephant (shapeshifter) (Vault:8) 10 spiny frogs 44 yaktaurs A queen ant (shapeshifter) (Vault:8) 13 rock trolls 7 naga magi (Snake:5) 2 draconians (shapeshifter) 49 ugly things 2 redbacks 10 trolls 4 komodo dragons 4 spriggans (D:22) 9 two-headed ogres 6 blink frogs 2 two-headed ogres (shapeshifter) 2 giant fireflies (D:22) 15 brown oozes 40 yaks 3 bumblebees (D:25) 2 hogs (Vault:1) 4 fire drakes A human (shapeshifter) (D:26) 2 wyverns 4 deep elf conjurers 5 golden eyes (Pan) A steam dragon (Swamp:5) 12 deep elf fighters 3 hippogriffs 5 deep elf summoners 4 rock worms 4 mottled dragons 24 swamp worms 3 manticores 2 soldier ants 6 deep elf priests A black bear (D:22) 4 giant goldfish 30 orc warriors 6 ice beasts A swamp drake (shapeshifter) (Vault:8) 4 swamp drakes A boring beetle (shapeshifter) (Vault:8) A deep dwarf (shapeshifter) (Vault:3) A sky beast (D:27) 8 centaurs 21 ogres 3 elves (shapeshifter) 4 crocodiles 3 big kobolds A lava worm (Abyss) 5 wargs 5 brain worms A wolf (Lair:8) 4 giant slugs 53 nagas 8 deep elf magi 26 giant frogs 4 giant leeches 22 water moccasins 6 tarantellas (Port) 15 jellyfish 4 boulder beetles An eye of draining (shapeshifter) (D:16) A lava fish (Geh:7) 9 eyes of draining A pulsating lump (Slime:6) 4 killer bees 10 electric eels 3 lava snakes 10 orc priests 11 hounds 5 big fish 4 iguanas 11 orc wizards A scorpion (Port) 41 deep elf soldiers 10 orange rats 3 sheep A worker ant (D:9) 5 porcupines 14 jellies A gnoll (D:3) 50 snakes 33 green rats A gnoll (shapeshifter) (Vault:5) A giant centipede (shapeshifter) (Vault:8) 2 giant mites 3 worms 14 grey rats 8 giant eyeballs 3 giant geckos 7 oozes 142 orcs 34 bats 3 giant cockroaches (Port) 14 goblins 2 hobgoblins 3 small snakes A giant newt (Swamp:2) 7 jackals 17 kobolds 12 quokkas 23 rats A small snake (shapeshifter) (Vault:6)
1799 creatures vanquished. Non-Living Monsters 4 orbs of fire An electric golem (Zot:5) 4 dancing weapons 11 vapours (Port) 3 iron golems (Dis:7) A statue (Vault:2) 15 feature mimics 30 air elementals (Port) A toenail golem (Vault:4) A wood golem (D:11) A clay golem (D:18) 16 metal gargoyles (Dis:7) 9 item mimics 3 molten gargoyles (Geh:7) 7 insubstantial wisps (Swamp:4)
107 creatures vanquished. Undead Monsters 5 ancient liches 6 greater mummies A curse toe (Crypt:5) 7 liches 12 bone dragons A quicksilver dragon zombie (Hell) 3 quicksilver dragon skeletons The ghost of hyperelynae the Impaler, a powerful DrWr of Vehumet (Lair:8) A curse skull (Crypt:3) A vampire knight (Crypt:3) 4 death cobs 13 mummy priests 5 storm dragon skeletons An eidolon (Abyss) 8 death oozes (Slime:6) The ghost of tewe the Nimble, a powerful MfDK of Yredelemnul (D:13) 2 anaconda skeletons An iron dragon zombie (Port) A hell hog zombie (Hell) 2 frost giant zombies 5 shadow dragon skeletons 4 stone giant zombies 2 fire giant zombies 2 sphinx skeletons 6 shadow wraiths 5 stone giant skeletons 5 fire giant skeletons 2 frost giant skeletons (Crypt:5) An iron dragon skeleton (Dis:7) 104 skeletal warriors A green draconian zombie (Crypt:5) A red draconian zombie (Crypt:4) 2 yellow draconian skeletons A grey draconian zombie (Port) A pale draconian skeleton (Crypt:3) 3 flayed ghosts A dire elephant skeleton (Crypt:1) 2 mottled draconian zombies (Crypt:3) A white draconian zombie (Tomb:2) 4 green draconian skeletons A purple draconian skeleton (Pan) 2 death drake zombies 2 red draconian skeletons (Crypt:5) 8 phantasmal warriors A mottled draconian skeleton (Tar:4) A siren zombie (Hell) 3 flaming corpses 2 black draconian skeletons (Crypt:5) 2 white draconian skeletons (Crypt:2) 2 yaktaur skeletons A shadow dragon simulacrum (Tar:2) A death yak skeleton (Crypt:5) 3 sea snake skeletons A grey draconian skeleton (Crypt:2) 2 vampire magi An iron troll skeleton (Dis:7) 2 harpy skeletons A siren skeleton (Pan) A guardian serpent zombie (Geh:2) A trapdoor spider zombie (Tomb:1) A griffon skeleton (Vault:1) 2 hydra skeletons 2 minotaur skeletons (Crypt:5) A wolf spider zombie (Hell) A black mamba zombie (Crypt:1) 3 dragon zombies An alligator zombie (Crypt:3) 3 dragon skeletons 14 ice dragon skeletons A queen ant zombie (Port) A spriggan zombie (Tomb:2) 6 ettin skeletons 42 guardian mummies 2 hill giant zombies A raven zombie (Tomb:2) 5 silent spectres 2 hill giant skeletons An agate snail zombie (Vault:5) 2 spriggan skeletons A rock troll zombie (D:21) A deep troll zombie (D:21) 2 bog mummies (Swamp:5) 2 deep troll skeletons A human skeleton (Pan) 3 spiny frog skeletons 5 rock troll skeletons A merfolk skeleton (Port) A baby alligator skeleton (Coc:5) A trapdoor spider simulacrum (Tomb:1) A hydra simulacrum (Pan) A lindwurm zombie (Pan) 2 snapping turtle skeletons A lindwurm skeleton (Hell) 2 redback zombies 2 swamp dragon zombies (Crypt:5) 18 wraiths 5 hungry ghosts A fire crab zombie (Vault:3) 2 blink frog skeletons 28 vampires 39 vampire mosquitoes A hog zombie (Tar:1) A giant firefly simulacrum (Tomb:2) 2 yaktaur zombies 2 cyclops zombies A fire drake skeleton (Geh:7) A mermaid zombie (Crypt:5) A jumping spider zombie (Crypt:3) 4 cyclops skeletons 18 freezing wraiths A mermaid skeleton (Tar:7) 7 necrophages 2 wyvern skeletons 9 phantoms A hippogriff zombie (Crypt:1) A rock worm zombie (Vault:3) A bumblebee zombie (Vault:5) A polar bear skeleton (Crypt:4) A troll skeleton (Hell) A draconian skeleton (Coc:6) 2 grizzly bear skeletons 2 hippogriff skeletons A boulder beetle zombie (D:19) A fire crab simulacrum (D:21) A yellow wasp zombie (Tomb:2) 2 war dog skeletons A wolf skeleton (Geh:1) 2 boring beetle zombies 3 soldier ant zombies A yaktaur simulacrum (Vault:4) 3 centaur zombies A basilisk zombie (D:9) A tarantella zombie (Crypt:3) A basilisk skeleton (D:12) A water moccasin skeleton (D:25) 2 giant frog skeletons 2 two-headed ogre skeletons 2 warg zombies 90 wights A basilisk simulacrum (Vault:3) A dwarf zombie (Dis:7) A brain worm zombie (D:25) A tengu skeleton (Crypt:3) 2 crocodile zombies 2 deep dwarf skeletons A demigod skeleton (Crypt:3) An ogre skeleton (Crypt:5) 2 hound zombies 2 human zombies (Port) 3 mottled dragon skeletons 28 shadows 5 big kobold skeletons 3 big kobold zombies A dwarf skeleton (Crypt:5) 2 boulder beetle simulacra A naga skeleton (Geh:1) 3 hound skeletons 5 orange rat zombies (Hell) 2 worker ant zombies An orange rat skeleton (Hell) A steam dragon zombie (Tar:4) 2 big fish skeletons (Coc:7) A goliath beetle zombie (D:15) 19 mummies A halfling zombie (Dis:7) 57 flying skulls 3 orc zombies A porcupine zombie (Tar:1) A scorpion zombie (Crypt:3) A snake zombie (D:5) A giant centipede zombie (D:10) An iguana skeleton (D:14) 4 snake skeletons 2 porcupine skeletons 11 bat skeletons A bat zombie (Crypt:5) A giant mite zombie (D:6) 3 gnoll skeletons A giant cockroach zombie (Dis:3) 2 giant gecko skeletons A goblin skeleton (Tomb:2) 2 goblin zombies (Port) A hobgoblin skeleton (Crypt:5) A hobgoblin zombie (Orc:1) A jackal skeleton (Tomb:1) 2 jackal zombies (Crypt:3) 3 kobold skeletons 2 kobold zombies 3 orc skeletons A quokka skeleton (D:25) A quokka zombie (Crypt:4) 3 rat skeletons 3 small snake skeletons 3 crawling corpses (Elf:5)
862 creatures vanquished. Demonic Monsters 3 Pit Fiends 2 pandemonium lords 6 Brimstone Fiends 12 Ice Fiends 8 Shadow Fiends 25 balrugs 10 Executioners (Pan) 17 tentacled monstrosities 15 cacodemons 32 reapers 6 Green Deaths (Pan) 9 blizzard demons 4 lorocyprocas 4 rakshasas (Pan) 13 hell hogs 23 sun demons 16 soul eaters 7 shadow demons 26 large abominations 7 hellions 20 ice devils 16 sixfirhies 32 orange demons 16 tormentors 27 hellwings 8 efreeti 11 iron devils 33 smoke demons 11 hairy devils 7 demonic crawlers (Pan) 17 blue devils 22 ynoxinuls 34 neqoxecs 5 chaos spawn 33 hell hounds A demonspawn (D:14) 19 hell beasts 17 red devils 20 rotting devils 25 small abominations 30 crimson imps 7 quasits (Pan) 25 iron imps 28 midges 49 lemures 30 white imps 9 shadow imps 97 ufetubi 5 illusory rakshasas (Pan)
899 creatures vanquished. Plants A giant spore (D:14) 7 ballistomycetes 2 fungi 4 plants 8 toadstools
22 creatures vanquished.
3714 creatures vanquished. Ascending Order Cerebov (Pan) Mnoleg (Pan) the royal jelly (Slime:6) Gloorx Vloq (Pan) the Serpent of Hell (Tar:7) Saint Roka (D:18) A curse toe (Crypt:5) Geryon (Hell) An electric golem (Zot:5) Xtahua (Crypt:2) Frederick (D:27) A quicksilver dragon (D:26) Kirke (Vault:1) Rupert (Snake:3) Agnes (Crypt:1) Frances (Snake:3) Aizul (D:14) A draconian knight (Zot:1) A quicksilver dragon zombie (Hell) Louise (Crypt:1) Gastronok (Orc:1) A draconian shifter (Zot:4) The ghost of hyperelynae the Impaler, a powerful DrWr of Vehumet (Lair:8) A curse skull (Crypt:3) A vampire knight (Crypt:3) Wiglaf (Snake:5) A great orb of eyes (shapeshifter) (D:26) An eidolon (Abyss) An ice dragon (shapeshifter) (D:26) The ghost of tewe the Nimble, a powerful MfDK of Yredelemnul (D:13) Nessos (Elf:2) An iron dragon zombie (Port) A hell hog zombie (Hell) A very ugly thing (D:20) An alligator (shapeshifter) (Vault:8) A deep troll (shapeshifter) (Vault:8) An emperor scorpion (shapeshifter) (D:26) An iron dragon skeleton (Dis:7) A death drake (Zot:1) A green draconian zombie (Crypt:5) A red draconian zombie (Crypt:4) A grey draconian zombie (Port) A pale draconian skeleton (Crypt:3) A dire elephant skeleton (Crypt:1) A giant amoeba (shapeshifter) (Vault:8) A white draconian zombie (Tomb:2) A purple draconian skeleton (Pan) A guardian serpent (shapeshifter) (D:25) A siren zombie (Hell) A mottled draconian skeleton (Tar:4) A shadow dragon simulacrum (Tar:2) A death yak skeleton (Crypt:5) A grey draconian skeleton (Crypt:2) Urug (Elf:2) An iron troll skeleton (Dis:7) A harpy (shapeshifter) (Vault:2) A statue (Vault:2) A cyclops (shapeshifter) (D:24) A red wasp (shapeshifter) (D:26) A spiny worm (shapeshifter) (Vault:8) A siren skeleton (Pan) A trapdoor spider zombie (Tomb:1) A guardian serpent zombie (Geh:2) A griffon skeleton (Vault:1) A wolf spider zombie (Hell) A black mamba zombie (Crypt:1) An alligator zombie (Crypt:3) A trapdoor spider (shapeshifter) (D:16) An elephant slug (Lair:6) A yaktaur (shapeshifter) (Vault:4) An elephant (shapeshifter) (Vault:8) A queen ant zombie (Port) A spriggan zombie (Tomb:2) A queen ant (shapeshifter) (Vault:8) A raven zombie (Tomb:2) An agate snail zombie (Vault:5) A rock troll zombie (D:21) A deep troll zombie (D:21) A human skeleton (Pan) A merfolk skeleton (Port) A baby alligator skeleton (Coc:5) A trapdoor spider simulacrum (Tomb:1) A hydra simulacrum (Pan) A lindwurm zombie (Pan) A lindwurm skeleton (Hell) A fire crab zombie (Vault:3) A toenail golem (Vault:4) A human (shapeshifter) (D:26) A wood golem (D:11) A clay golem (D:18) A hog zombie (Tar:1) A giant firefly simulacrum (Tomb:2) A steam dragon (Swamp:5) A fire drake skeleton (Geh:7) A mermaid zombie (Crypt:5) A jumping spider zombie (Crypt:3) A demonspawn (D:14) A mermaid skeleton (Tar:7) A black bear (D:22) A swamp drake (shapeshifter) (Vault:8) A boring beetle (shapeshifter) (Vault:8) A deep dwarf (shapeshifter) (Vault:3) A sky beast (D:27) A hippogriff zombie (Crypt:1) A rock worm zombie (Vault:3) A bumblebee zombie (Vault:5) A polar bear skeleton (Crypt:4) A troll skeleton (Hell) A draconian skeleton (Coc:6) A lava worm (Abyss) A wolf (Lair:8) A boulder beetle zombie (D:19) A fire crab simulacrum (D:21) A yellow wasp zombie (Tomb:2) A wolf skeleton (Geh:1) A yaktaur simulacrum (Vault:4) A basilisk zombie (D:9) A tarantella zombie (Crypt:3) A basilisk skeleton (D:12) A water moccasin skeleton (D:25) An eye of draining (shapeshifter) (D:16) A lava fish (Geh:7) A pulsating lump (Slime:6) A basilisk simulacrum (Vault:3) A dwarf zombie (Dis:7) A brain worm zombie (D:25) A tengu skeleton (Crypt:3) A demigod skeleton (Crypt:3) An ogre skeleton (Crypt:5) A dwarf skeleton (Crypt:5) A naga skeleton (Geh:1) A scorpion (Port) A worker ant (D:9) An orange rat skeleton (Hell) A steam dragon zombie (Tar:4) A goliath beetle zombie (D:15) A gnoll (D:3) A halfling zombie (Dis:7) A gnoll (shapeshifter) (Vault:5) A snake zombie (D:5) A scorpion zombie (Crypt:3) A porcupine zombie (Tar:1) An iguana skeleton (D:14) A giant centipede zombie (D:10) A giant centipede (shapeshifter) (Vault:8) A bat zombie (Crypt:5) A giant mite zombie (D:6) A giant newt (Swamp:2) A hobgoblin skeleton (Crypt:5) A hobgoblin zombie (Orc:1) A small snake (shapeshifter) (Vault:6) A goblin skeleton (Tomb:2) A jackal skeleton (Tomb:1) A giant cockroach zombie (Dis:3) A giant spore (D:14) A quokka zombie (Crypt:4) A quokka skeleton (D:25) 2 pandemonium lords 2 titans 2 draconian monks 2 draconian zealots (Zot:4) 2 draconian callers (Zot:1) 2 ophanim (Abyss) 2 green draconians 2 deep elf death magi (Elf:5) 2 red draconians 2 dragons (shapeshifter) 2 anaconda skeletons 2 frost giant zombies 2 orc high priests 2 fire giant zombies 2 sphinx skeletons 2 frost giant skeletons (Crypt:5) 2 yellow draconian skeletons 2 mottled draconian zombies (Crypt:3) 2 death drake zombies 2 red draconian skeletons (Crypt:5) 2 white draconian skeletons (Crypt:2) 2 yaktaur skeletons 2 black draconian skeletons (Crypt:5) 2 vampire magi 2 orc sorcerers (Port) 2 harpy skeletons 2 minotaur skeletons (Crypt:5) 2 hydra skeletons 2 hill giant zombies 2 draconians (shapeshifter) 2 redbacks 2 hill giant skeletons 2 spriggan skeletons 2 bog mummies (Swamp:5) 2 deep troll skeletons 2 two-headed ogres (shapeshifter) 2 giant fireflies (D:22) 2 snapping turtle skeletons 2 swamp dragon zombies (Crypt:5) 2 redback zombies 2 hogs (Vault:1) 2 blink frog skeletons 2 wyverns 2 yaktaur zombies 2 cyclops zombies 2 soldier ants 2 wyvern skeletons 2 grizzly bear skeletons 2 hippogriff skeletons 2 war dog skeletons 2 boring beetle zombies 2 giant frog skeletons 2 two-headed ogre skeletons 2 warg zombies 2 crocodile zombies 2 deep dwarf skeletons 2 hound zombies 2 human zombies (Port) 2 boulder beetle simulacra 2 worker ant zombies 2 big fish skeletons (Coc:7) 2 porcupine skeletons 2 giant mites 2 hobgoblins 2 giant gecko skeletons 2 kobold zombies 2 goblin zombies (Port) 2 jackal zombies (Crypt:3) 2 fungi 3 Pit Fiends 3 deep elf blademasters (Elf:5) 3 quicksilver dragon skeletons 3 draconian annihilators 3 grey draconians 3 yellow draconians 3 deep elf master archers (Elf:5) 3 purple draconians 3 alligators (Swamp:2) 3 deep elf high priests 3 iron golems (Dis:7) 3 giant orange brains (Pan) 3 flayed ghosts 3 flaming corpses 3 sea snake skeletons 3 spiny worms 3 dragon zombies 3 wolf spiders (Port) 3 dragon skeletons 3 eyes of devastation 3 spiny frog skeletons 3 bumblebees (D:25) 3 hippogriffs 3 manticores 3 molten gargoyles (Geh:7) 3 elves (shapeshifter) 3 big kobolds 3 soldier ant zombies 3 centaur zombies 3 mottled dragon skeletons 3 big kobold zombies 3 lava snakes 3 hound skeletons 3 sheep 3 orc zombies 3 worms 3 gnoll skeletons 3 giant geckos 3 small snakes 3 giant cockroaches (Port) 3 orc skeletons 3 small snake skeletons 3 kobold skeletons 3 rat skeletons 3 crawling corpses (Elf:5) 4 orbs of fire 4 ghost moths 4 iron dragons 4 angels 4 pale draconians 4 white draconians 4 death cobs 4 deep elf annihilators 4 dancing weapons 4 great orbs of eyes 4 lorocyprocas 4 stone giant zombies 4 rakshasas (Pan) 4 green draconian skeletons 4 red wasps 4 trapdoor spiders 4 komodo dragons 4 spriggans (D:22) 4 fire drakes 4 deep elf conjurers 4 rock worms 4 mottled dragons 4 cyclops skeletons 4 giant goldfish 4 swamp drakes 4 crocodiles 4 giant slugs 4 giant leeches 4 boulder beetles 4 killer bees 4 iguanas 4 snake skeletons 4 plants 5 ancient liches 5 golden dragons 5 mottled draconians 5 black draconians 5 salamanders (Snake:5) 5 storm dragon skeletons 5 ogre magi 5 shadow dragon skeletons 5 stone giant skeletons 5 fire giant skeletons 5 guardian serpents (Snake:5) 5 shining eyes 5 silent spectres 5 rock troll skeletons 5 hungry ghosts 5 chaos spawn 5 golden eyes (Pan) 5 deep elf summoners 5 wargs 5 brain worms 5 big kobold skeletons 5 big fish 5 orange rat zombies (Hell) 5 porcupines 5 illusory rakshasas (Pan) 6 greater mummies 6 Brimstone Fiends 6 shadow dragons 6 azure jellies 6 greater nagas (Snake:5) 6 Green Deaths (Pan) 6 deep elf sorcerers 6 dragons 6 deep elf demonologists 6 shadow wraiths 6 iron trolls 6 griffons 6 necromancers 6 ettin skeletons 6 blink frogs 6 deep elf priests 6 ice beasts 6 tarantellas (Port) 7 liches 7 wizards 7 storm dragons 7 frost giants 7 shadow demons 7 deep elf knights 7 hellions 7 cyclopes 7 naga magi (Snake:5) 7 demonic crawlers (Pan) 7 insubstantial wisps (Swamp:4) 7 necrophages 7 quasits (Pan) 7 oozes 7 jackals 7 ballistomycetes 8 Shadow Fiends 8 death oozes (Slime:6) 8 deep trolls (D:26) 8 anacondas 8 phantasmal warriors 8 efreeti 8 centaurs 8 deep elf magi 8 giant eyeballs 8 toadstools 9 sphinxes 9 fire giants 9 blizzard demons 9 ettins 9 unseen horrors 9 two-headed ogres 9 item mimics 9 phantoms 9 eyes of draining 9 shadow imps 10 Executioners (Pan) 10 hydras 10 spiny frogs 10 trolls 10 electric eels 10 orc priests 10 orange rats 11 vapours (Port) 11 iron devils 11 hairy devils 11 hounds 11 orc wizards 11 bat skeletons 12 Ice Fiends 12 bone dragons 12 giant amoebae 12 deep elf fighters 12 quokkas 13 mummy priests 13 centaur warriors 13 hell hogs 13 orc knights 13 rock trolls 14 hill giants 14 ice dragon skeletons 14 jellies 14 grey rats 14 goblins 15 cacodemons 15 hell knights 15 naga warriors 15 feature mimics 15 brown oozes 15 jellyfish 16 soul eaters 16 sixfirhies 16 tormentors 16 metal gargoyles (Dis:7) 17 tentacled monstrosities 17 ice dragons 17 blue devils 17 red devils 17 kobolds 18 Orb Guardians (Zot:5) 18 moths of wrath 18 wraiths 18 freezing wraiths 19 acid blobs 19 hell beasts 19 mummies 20 ice devils 20 rotting devils 21 ogres 22 ynoxinuls 22 water moccasins 23 sun demons 23 rats 24 vault guards (Vault:7) 24 swamp worms 25 balrugs 25 small abominations 25 iron imps 26 large abominations 26 giant frogs 27 hellwings 28 vampires 28 shadows 28 midges 30 air elementals (Port) 30 orc warriors 30 crimson imps 30 white imps 31 black mambas 32 reapers 32 orange demons 33 smoke demons 33 hell hounds 33 green rats 34 neqoxecs 34 bats 37 stone giants 37 yaktaur captains 39 vampire mosquitoes 40 yaks 41 deep elf soldiers 42 guardian mummies 44 yaktaurs 49 ugly things 49 lemures 50 snakes 53 nagas 57 flying skulls 90 wights 97 ufetubi 104 skeletal warriors 142 orcs 148 slime creatures
3714 creatures vanquished. The 3-digit Club 104 skeletal warriors 142 orcs 148 slime creatures
394 creatures vanquished. ----------------------------------------

Vanquished Creatures (collateral kills)
  Monster Symbol All '@'
  A Killer Klown (Zot:5)
1 creature vanquished. All '*' A ball lightning (Pan)
1 creature vanquished. All '&' A pandemonium lord (Pan) Lom Lobon (Pan)
2 creatures vanquished. All '1' A Brimstone Fiend (Dis:7) A Pit Fiend (Pan) A Shadow Fiend (Tar:7) 5 Executioners
8 creatures vanquished. All '2' A balrug (Port) 2 cacodemons (Pan) A blizzard demon (Pan) 3 reapers A shadow demon (Tar:7) 5 tormentors
13 creatures vanquished. All '3' 3 sun demons 4 soul eaters 2 ice devils 3 smoke demons (Pan) 5 neqoxecs
17 creatures vanquished. All '4' 3 sixfirhies 6 hellwings 4 orange demons 2 iron devils 3 hairy devils 2 red devils (Elf:5) 3 rotting devils
23 creatures vanquished. All '5' A crimson imp (Elf:5) A quasit (Elf:5) 4 iron imps 3 lemures (Pan) 6 midges A shadow imp (Tar:7) 2 white imps (Pan) 4 ufetubi
22 creatures vanquished. All '9' 3 metal gargoyles (Dis:7)
3 creatures vanquished. All 'A' Mennas (Vault:8)
1 creature vanquished. All 'b' 9 bats
9 creatures vanquished. All 'c' 3 yaktaur captains (Vault:8) A centaur warrior (Vault:8)
4 creatures vanquished. All 'C' A frost giant (Vault:8) 12 stone giants (Vault:8) A fire giant (Vault:8)
14 creatures vanquished. All 'd' A draconian (shapeshifter) (Vault:8)
1 creature vanquished. All 'D' 5 shadow dragons A storm dragon (Vault:8) A bone dragon (Vault:8) A dragon (Swamp:5) A hydra (shapeshifter) (Vault:8) A mottled dragon (Swamp:5)
10 creatures vanquished. All 'e' 2 deep elf annihilators (Elf:5) 2 deep elf sorcerers 2 deep elf master archers (Elf:5) A deep elf demonologist (Vault:8) A deep elf mage (Elf:5) A deep elf soldier (Elf:5)
9 creatures vanquished. All 'G' A great orb of eyes (Pan) 3 shining eyes (Pan) 3 golden eyes (Pan) An eye of draining (Pan) 3 giant eyeballs (Pan)
11 creatures vanquished. All 'h' 2 hell hounds (Dis:7)
2 creatures vanquished. All 'H' A minotaur (shapeshifter) (Vault:8)
1 creature vanquished. All 'j' A giant slug (Vault:8)
1 creature vanquished. All 'l' 3 fire drakes (Swamp:5) 2 swamp drakes (Swamp:5)
5 creatures vanquished. All 'L' An ancient lich (Vault:8)
1 creature vanquished. All 'M' 2 greater mummies 8 mummy priests 24 guardian mummies A bog mummy (Swamp:5) 14 mummies
49 creatures vanquished. All 'n' A necrophage (Tar:7)
1 creature vanquished. All 'N' A greater naga (Snake:5) 4 salamanders (Snake:5) 3 naga warriors (Snake:5) 6 naga magi (Snake:5) 4 nagas (Snake:5)
18 creatures vanquished. All 'o' 3 orc knights (Vault:8) An orc sorcerer (Vault:8) 5 orc warriors (Vault:8) An orc wizard (Vault:8) 7 orcs (Vault:8)
17 creatures vanquished. All 'p' The ghost of soul the Minotaur Blade, a mighty MiFi of Okawaru (Vault:8) 2 flayed ghosts 2 shadows (Tar:7)
5 creatures vanquished. All 'r' An orange rat (Tomb:2) 7 green rats 6 grey rats 4 rats
18 creatures vanquished. All 'R' 2 illusory rakshasas (Pan)
2 creatures vanquished. All 'S' 5 anacondas (Snake:5) 3 black mambas (Snake:5) 2 guardian serpents (Snake:5) A guardian serpent (shapeshifter) (Vault:8) A lava snake (Snake:5)
12 creatures vanquished. All 'T' An iron troll (Dis:7)
1 creature vanquished. All 'v' 4 fire vortices (Pan)
4 creatures vanquished. All 'W' 3 phantasmal warriors 2 wraiths A freezing wraith (Dis:7)
6 creatures vanquished. All 'x' 3 small abominations
3 creatures vanquished. All 'X' An Orb Guardian (Zot:5) 3 tentacled monstrosities 2 large abominations (Pan)
6 creatures vanquished. All 'y' A moth of wrath (shapeshifter) (Vault:8)
1 creature vanquished. All 'z' 2 skeletal warriors (Dis:7) A red draconian skeleton (Tomb:2) A sea snake skeleton (Pan) A raven skeleton (Tomb:2) 2 hell hound skeletons (Dis:7) A wolf skeleton (Tomb:2) A water moccasin skeleton (Vault:3) 11 wights 7 flying skulls An ant larva simulacrum (Tar:7) A jackal simulacrum (Tomb:2) A quokka skeleton (Tomb:2)
30 creatures vanquished. All 'Z' A storm dragon skeleton (Vault:8) A shadow dragon zombie (Tar:7) A death yak skeleton (Pan) 2 iron troll skeletons (Dis:7) A trapdoor spider zombie (Tomb:2) 2 trapdoor spider simulacra
8 creatures vanquished.
340 creatures vanquished. Monster Nature Uniques Lom Lobon (Pan) Mennas (Vault:8)
2 creatures vanquished. Natural Monsters A Killer Klown (Zot:5) An Orb Guardian (Zot:5) 5 shadow dragons A storm dragon (Vault:8) A frost giant (Vault:8) 12 stone giants (Vault:8) A fire giant (Vault:8) 2 deep elf annihilators (Elf:5) A greater naga (Snake:5) 2 deep elf sorcerers 2 deep elf master archers (Elf:5) A dragon (Swamp:5) 4 salamanders (Snake:5) 3 yaktaur captains (Vault:8) A minotaur (shapeshifter) (Vault:8) A great orb of eyes (Pan) A hydra (shapeshifter) (Vault:8) A deep elf demonologist (Vault:8) 5 anacondas (Snake:5) 3 black mambas (Snake:5) A centaur warrior (Vault:8) An iron troll (Dis:7) 3 naga warriors (Snake:5) 3 orc knights (Vault:8) An orc sorcerer (Vault:8) 3 shining eyes (Pan) 2 guardian serpents (Snake:5) A guardian serpent (shapeshifter) (Vault:8) A moth of wrath (shapeshifter) (Vault:8) 6 naga magi (Snake:5) A draconian (shapeshifter) (Vault:8) 3 fire drakes (Swamp:5) 3 golden eyes (Pan) A mottled dragon (Swamp:5) 5 orc warriors (Vault:8) 2 swamp drakes (Swamp:5) A deep elf mage (Elf:5) 4 nagas (Snake:5) A giant slug (Vault:8) An eye of draining (Pan) A lava snake (Snake:5) A deep elf soldier (Elf:5) An orange rat (Tomb:2) An orc wizard (Vault:8) 7 green rats 6 grey rats 3 giant eyeballs (Pan) 7 orcs (Vault:8) 9 bats 4 rats
133 creatures vanquished. Non-Living Monsters A ball lightning (Pan) 3 metal gargoyles (Dis:7) 4 fire vortices (Pan)
8 creatures vanquished. Undead Monsters An ancient lich (Vault:8) 2 greater mummies The ghost of soul the Minotaur Blade, a mighty MiFi of Okawaru (Vault:8) A bone dragon (Vault:8) 8 mummy priests A storm dragon skeleton (Vault:8) A shadow dragon zombie (Tar:7) 2 skeletal warriors (Dis:7) A red draconian skeleton (Tomb:2) 2 flayed ghosts A death yak skeleton (Pan) A sea snake skeleton (Pan) 2 iron troll skeletons (Dis:7) 3 phantasmal warriors A trapdoor spider zombie (Tomb:2) 24 guardian mummies A raven skeleton (Tomb:2) A bog mummy (Swamp:5) 2 trapdoor spider simulacra 2 wraiths A necrophage (Tar:7) 2 hell hound skeletons (Dis:7) A freezing wraith (Dis:7) A wolf skeleton (Tomb:2) A water moccasin skeleton (Vault:3) 11 wights 2 shadows (Tar:7) 14 mummies 7 flying skulls An ant larva simulacrum (Tar:7) A jackal simulacrum (Tomb:2) A quokka skeleton (Tomb:2)
101 creatures vanquished. Demonic Monsters A pandemonium lord (Pan) A Brimstone Fiend (Dis:7) A Pit Fiend (Pan) A Shadow Fiend (Tar:7) 5 Executioners A balrug (Port) 3 tentacled monstrosities 2 cacodemons (Pan) A blizzard demon (Pan) 3 reapers 3 sun demons 4 soul eaters A shadow demon (Tar:7) 2 ice devils 2 large abominations (Pan) 3 sixfirhies 6 hellwings 4 orange demons 5 tormentors 3 small abominations 3 smoke demons (Pan) 2 iron devils 3 hairy devils 5 neqoxecs 2 hell hounds (Dis:7) 2 red devils (Elf:5) 3 rotting devils A crimson imp (Elf:5) A quasit (Elf:5) 4 iron imps 3 lemures (Pan) 6 midges A shadow imp (Tar:7) 2 white imps (Pan) 4 ufetubi 2 illusory rakshasas (Pan)
96 creatures vanquished.
340 creatures vanquished. Ascending Order A pandemonium lord (Pan) An ancient lich (Vault:8) Lom Lobon (Pan) Mennas (Vault:8) A Killer Klown (Zot:5) The ghost of soul the Minotaur Blade, a mighty MiFi of Okawaru (Vault:8) A Brimstone Fiend (Dis:7) A Pit Fiend (Pan) An Orb Guardian (Zot:5) A storm dragon (Vault:8) A Shadow Fiend (Tar:7) A balrug (Port) A frost giant (Vault:8) A bone dragon (Vault:8) A fire giant (Vault:8) A greater naga (Snake:5) A blizzard demon (Pan) A dragon (Swamp:5) A minotaur (shapeshifter) (Vault:8) A great orb of eyes (Pan) A storm dragon skeleton (Vault:8) A hydra (shapeshifter) (Vault:8) A deep elf demonologist (Vault:8) A shadow dragon zombie (Tar:7) A ball lightning (Pan) A centaur warrior (Vault:8) An iron troll (Dis:7) A shadow demon (Tar:7) A red draconian skeleton (Tomb:2) A death yak skeleton (Pan) A sea snake skeleton (Pan) An orc sorcerer (Vault:8) A guardian serpent (shapeshifter) (Vault:8) A moth of wrath (shapeshifter) (Vault:8) A trapdoor spider zombie (Tomb:2) A raven skeleton (Tomb:2) A bog mummy (Swamp:5) A draconian (shapeshifter) (Vault:8) A mottled dragon (Swamp:5) A necrophage (Tar:7) A freezing wraith (Dis:7) A deep elf mage (Elf:5) A wolf skeleton (Tomb:2) A giant slug (Vault:8) A water moccasin skeleton (Vault:3) An eye of draining (Pan) A crimson imp (Elf:5) A quasit (Elf:5) A lava snake (Snake:5) A deep elf soldier (Elf:5) An orange rat (Tomb:2) An orc wizard (Vault:8) A shadow imp (Tar:7) A quokka skeleton (Tomb:2) An ant larva simulacrum (Tar:7) A jackal simulacrum (Tomb:2) 2 greater mummies 2 cacodemons (Pan) 2 deep elf annihilators (Elf:5) 2 deep elf sorcerers 2 deep elf master archers (Elf:5) 2 skeletal warriors (Dis:7) 2 ice devils 2 flayed ghosts 2 large abominations (Pan) 2 guardian serpents (Snake:5) 2 iron troll skeletons (Dis:7) 2 iron devils 2 trapdoor spider simulacra 2 wraiths 2 hell hounds (Dis:7) 2 hell hound skeletons (Dis:7) 2 red devils (Elf:5) 2 swamp drakes (Swamp:5) 2 shadows (Tar:7) 2 white imps (Pan) 2 illusory rakshasas (Pan) 3 tentacled monstrosities 3 reapers 3 yaktaur captains (Vault:8) 3 black mambas (Snake:5) 3 sun demons 3 naga warriors (Snake:5) 3 orc knights (Vault:8) 3 shining eyes (Pan) 3 phantasmal warriors 3 sixfirhies 3 small abominations 3 smoke demons (Pan) 3 hairy devils 3 metal gargoyles (Dis:7) 3 fire drakes (Swamp:5) 3 golden eyes (Pan) 3 rotting devils 3 lemures (Pan) 3 giant eyeballs (Pan) 4 salamanders (Snake:5) 4 soul eaters 4 orange demons 4 fire vortices (Pan) 4 nagas (Snake:5) 4 iron imps 4 ufetubi 4 rats 5 shadow dragons 5 Executioners 5 anacondas (Snake:5) 5 tormentors 5 neqoxecs 5 orc warriors (Vault:8) 6 hellwings 6 naga magi (Snake:5) 6 midges 6 grey rats 7 flying skulls 7 green rats 7 orcs (Vault:8) 8 mummy priests 9 bats 11 wights 12 stone giants (Vault:8) 14 mummies 24 guardian mummies
340 creatures vanquished. ----------------------------------------

Vanquished Creatures (others)
  Monster Symbol All ';'
  A giant goldfish (D:7)
  An electric eel (Lair:8)
2 creatures vanquished. All '@' Nikola (Elf:5) A wizard (Pan) 3 humans (Vault:1)
5 creatures vanquished. All '*' 4 ball lightnings (Pan) 3 giant spores 215 eldritch tentacle segments
222 creatures vanquished. All '2' A blizzard demon (Pan)
1 creature vanquished. All '4' An orange demon (D:13) An iron devil (D:13) 2 rotting devils
4 creatures vanquished. All '5' 2 quasits 5 iron imps A midge (Pan) 9 lemures 15 ufetubi
32 creatures vanquished. All 'a' A worker ant (D:27)
1 creature vanquished. All 'b' 4 bats
4 creatures vanquished. All 'c' 2 yaktaur captains A centaur warrior (D:14) 2 centaurs
5 creatures vanquished. All 'C' 2 cyclopes
2 creatures vanquished. All 'e' A deep elf annihilator (Elf:5) A deep elf mage (Elf:5) 5 deep elf soldiers
7 creatures vanquished. All 'f' 6 wandering mushrooms A ballistomycete (D:27) A fungus (Lair:8) 1193 toadstools
1201 creatures vanquished. All 'F' A blink frog (Lair:2) 2 giant frogs (Lair:8)
3 creatures vanquished. All 'g' A gnoll (D:2) 8 goblins 4 hobgoblins
13 creatures vanquished. All 'h' A wolf (D:22) 8 jackals
9 creatures vanquished. All 'i' 2 spriggan berserkers (D:22) 2 spriggan druids (D:22) 12 spriggans (D:22)
16 creatures vanquished. All 'J' 81 slime creatures
81 creatures vanquished. All 'k' 6 giant fireflies (D:22) 4 killer bees
10 creatures vanquished. All 'K' A big kobold (D:13) 5 kobolds
6 creatures vanquished. All 'l' An iguana (Lair:4) A giant gecko (D:10)
2 creatures vanquished. All 'M' 15 guardian mummies 2 mummies (Tomb:2)
17 creatures vanquished. All 'n' 3 ghouls 36 necrophages
39 creatures vanquished. All 'o' An orc sorcerer (Orc:4) 16 orc warriors 13 orc priests 11 orc wizards 69 orcs
110 creatures vanquished. All 'O' 4 ogres A two-headed ogre (D:20)
5 creatures vanquished. All 'P' 32 oklob plants 11 plants
43 creatures vanquished. All 'r' 3 laboratory rats (D:19) 2 porcupines (D:12) 2 orange rats (Hell) 5 green rats 3 quokkas 12 rats
27 creatures vanquished. All 'R' An illusory rakshasa (Pan)
1 creature vanquished. All 's' A trapdoor spider (D:18) A giant centipede (shapeshifter) (Vault:4) A giant cockroach (D:1)
3 creatures vanquished. All 'S' A lava snake (Abyss) A snake (Snake:5) A small snake (D:1)
3 creatures vanquished. All 'U' A grizzly bear (D:22) A black bear (D:22)
2 creatures vanquished. All 'v' 6 fire vortices (Pan)
6 creatures vanquished. All 'w' 2 eldritch tentacles
2 creatures vanquished. All 'x' 2 small abominations (Pan) A crawling corpse (Elf:5)
3 creatures vanquished. All 'Y' 8 yaks 3 sheep
11 creatures vanquished. All 'z' 2 red wasp zombies (D:25) A giant firefly zombie (Coc:7) A human skeleton (Pan) A baby alligator skeleton (Tomb:2) 5 redback zombies 8 fire crab zombies 5 bumblebee zombies (D:25) A tarantella zombie (Tar:7) A soldier ant zombie (D:25) 2 yellow wasp zombies (D:25) A water moccasin skeleton (Geh:2) 2 wights A killer bee zombie (D:25) A worker ant zombie (D:9) An orc zombie (Orc:4) 2 worm zombies 3 flying skulls A goliath beetle zombie (D:27) A snake zombie (Tar:5) An ant larva zombie (D:25) A grey rat zombie (Crypt:2) A jackal zombie (D:13) A killer bee larva zombie (D:25) A small snake skeleton (Geh:7)
45 creatures vanquished. All 'Z' 3 trapdoor spider zombies A giant slug zombie (Vault:5) A cyclops skeleton (D:21)
5 creatures vanquished.
1948 creatures vanquished. Monster Nature Uniques Nikola (Elf:5)
1 creature vanquished. Natural Monsters A deep elf annihilator (Elf:5) 2 yaktaur captains 2 spriggan berserkers (D:22) 2 spriggan druids (D:22) A centaur warrior (D:14) A wizard (Pan) An orc sorcerer (Orc:4) 2 cyclopes A trapdoor spider (D:18) 81 slime creatures 4 ogres 12 spriggans (D:22) A blink frog (Lair:2) A grizzly bear (D:22) A two-headed ogre (D:20) 6 giant fireflies (D:22) 8 yaks 16 orc warriors A giant goldfish (D:7) 3 humans (Vault:1) 3 laboratory rats (D:19) A black bear (D:22) 2 centaurs A deep elf mage (Elf:5) A big kobold (D:13) A wolf (D:22) 2 giant frogs (Lair:8) 4 killer bees A lava snake (Abyss) An electric eel (Lair:8) 13 orc priests An iguana (Lair:4) A worker ant (D:27) 2 porcupines (D:12) 5 deep elf soldiers 2 orange rats (Hell) 11 orc wizards 3 sheep A gnoll (D:2) A giant centipede (shapeshifter) (Vault:4) A snake (Snake:5) 5 green rats 69 orcs 4 bats A giant cockroach (D:1) 8 goblins 4 hobgoblins 3 quokkas A small snake (D:1) A giant gecko (D:10) 8 jackals 5 kobolds 12 rats
326 creatures vanquished. Non-Living Monsters 2 eldritch tentacles 4 ball lightnings (Pan) 6 fire vortices (Pan) 215 eldritch tentacle segments
227 creatures vanquished. Undead Monsters 3 ghouls 3 trapdoor spider zombies 2 red wasp zombies (D:25) A giant firefly zombie (Coc:7) 15 guardian mummies A human skeleton (Pan) A baby alligator skeleton (Tomb:2) 5 redback zombies 8 fire crab zombies A giant slug zombie (Vault:5) 36 necrophages A cyclops skeleton (D:21) 5 bumblebee zombies (D:25) A tarantella zombie (Tar:7) A soldier ant zombie (D:25) 2 yellow wasp zombies (D:25) A water moccasin skeleton (Geh:2) 2 wights A killer bee zombie (D:25) A worker ant zombie (D:9) An orc zombie (Orc:4) 2 worm zombies 3 flying skulls A goliath beetle zombie (D:27) 2 mummies (Tomb:2) A snake zombie (Tar:5) An ant larva zombie (D:25) A grey rat zombie (Crypt:2) A jackal zombie (D:13) A killer bee larva zombie (D:25) A small snake skeleton (Geh:7) A crawling corpse (Elf:5)
107 creatures vanquished. Demonic Monsters A blizzard demon (Pan) An orange demon (D:13) An iron devil (D:13) 2 rotting devils 2 small abominations (Pan) 2 quasits 5 iron imps A midge (Pan) 9 lemures 15 ufetubi An illusory rakshasa (Pan)
40 creatures vanquished. Plants 32 oklob plants 6 wandering mushrooms 3 giant spores A ballistomycete (D:27) A fungus (Lair:8) 11 plants 1193 toadstools
1247 creatures vanquished.
1948 creatures vanquished. Ascending Order Nikola (Elf:5) A deep elf annihilator (Elf:5) A blizzard demon (Pan) A centaur warrior (D:14) A wizard (Pan) An orc sorcerer (Orc:4) A trapdoor spider (D:18) An orange demon (D:13) A giant firefly zombie (Coc:7) An iron devil (D:13) A blink frog (Lair:2) A grizzly bear (D:22) A human skeleton (Pan) A two-headed ogre (D:20) A baby alligator skeleton (Tomb:2) A giant slug zombie (Vault:5) A cyclops skeleton (D:21) A giant goldfish (D:7) A black bear (D:22) A deep elf mage (Elf:5) A big kobold (D:13) A tarantella zombie (Tar:7) A wolf (D:22) A soldier ant zombie (D:25) A water moccasin skeleton (Geh:2) A killer bee zombie (D:25) A lava snake (Abyss) An electric eel (Lair:8) An iguana (Lair:4) A worker ant (D:27) A worker ant zombie (D:9) An orc zombie (Orc:4) A goliath beetle zombie (D:27) A gnoll (D:2) A midge (Pan) A snake zombie (Tar:5) A giant centipede (shapeshifter) (Vault:4) A snake (Snake:5) A small snake (D:1) A giant cockroach (D:1) An ant larva zombie (D:25) A killer bee larva zombie (D:25) A giant gecko (D:10) A jackal zombie (D:13) An illusory rakshasa (Pan) A grey rat zombie (Crypt:2) A small snake skeleton (Geh:7) A fungus (Lair:8) A crawling corpse (Elf:5) A ballistomycete (D:27) 2 eldritch tentacles 2 yaktaur captains 2 spriggan druids (D:22) 2 spriggan berserkers (D:22) 2 cyclopes 2 red wasp zombies (D:25) 2 centaurs 2 rotting devils 2 yellow wasp zombies (D:25) 2 giant frogs (Lair:8) 2 wights 2 small abominations (Pan) 2 quasits 2 porcupines (D:12) 2 orange rats (Hell) 2 worm zombies 2 mummies (Tomb:2) 3 ghouls 3 trapdoor spider zombies 3 laboratory rats (D:19) 3 humans (Vault:1) 3 sheep 3 flying skulls 3 quokkas 3 giant spores 4 ball lightnings (Pan) 4 ogres 4 killer bees 4 bats 4 hobgoblins 5 redback zombies 5 bumblebee zombies (D:25) 5 iron imps 5 deep elf soldiers 5 green rats 5 kobolds 6 wandering mushrooms 6 giant fireflies (D:22) 6 fire vortices (Pan) 8 fire crab zombies 8 yaks 8 goblins 8 jackals 9 lemures 11 orc wizards 11 plants 12 spriggans (D:22) 12 rats 13 orc priests 15 guardian mummies 15 ufetubi 16 orc warriors 32 oklob plants 36 necrophages 69 orcs 81 slime creatures 215 eldritch tentacle segments 1193 toadstools
1948 creatures vanquished. The 3-digit Club 215 eldritch tentacle segments 1193 toadstools
1408 creatures vanquished. ----------------------------------------

Grand Total: 6002 creatures vanquished Spells cast | 1- 3 | 4- 6 | 7- 9 | 10-12 | 13-15 | 16-18 | 19-21 | 22-24 | 25-27 || total -------------------------+-------+-------+-------+-------+-------+-------+-------+-------+-------++------- Swiftness | | | | | 1 | 15 | 41 | 59 | 318 || 434 Flight | | | | | | 16 | 21 | 12 | 101 || 150 Repel Missiles | | | | | | 14 | 46 | 56 | 144 || 260 Dispel Undead | | | | | | | | 58 | 109 || 167 Regeneration | | | | | | | | 15 | 317 || 332 Apportation | | | | | | | | 2 | 117 || 119 Shroud of Golubria | | | | | | | | 2 | || 2 Haste | | | | | | | | | 104 || 104 Abjuration | | | | | | | | | 50 || 50 Insulation | | | | | | | | | 10 || 10 Control Teleport | | | | | | | | | 10 || 10 Death's Door | | | | | | | | | 7 || 7 Borgnjor's Revivificatio | | | | | | | | | 5 || 5
